 Dungeon Crawl Stone Soup version 0.31-a0-844-gdc52ec4e09 (webtiles) character file.

Game seed: 8977459298502480740

1767793 Midn8 the Conqueror (level 26, 273/273 (290) HPs)
             Began as a Demonspawn Chaos Knight on Sept 28, 2023.
             Was a High Priest of Jiyva.
             Escaped with the Orb
             ... and 3 runes!
             The game lasted 04:21:25 (62224 turns).

Midn8 the Conqueror (Demonspawn Chaos Knight)      Turns: 62224, Time: 04:21:25

HP:   273/273 (290) AC: 48    Str: 20    XL:     26   Next: 56%
MP:   23/23         EV:  7    Int: 17    God:    Jiyva [*****.]
Gold: 3022          SH: 26    Dex: 14    Spells: 25/25 levels left

rFire   + + .        H - +8 Vampire's Tooth {megavamp}
rCold   + . .        M - +2 tower shield
rNeg    + . .        n - +4 crystal plate armour
rPois   +            (helmet restricted)
rElec   .            l - +2 cloak
rCorr   +            z - +2 pair of gloves
SInv    .            (boots unavailable)
Will    ++...        Q - amulet of Vitality {RegenMP++ Regen++} Stlth
                     A - ring of Contention {rPois rF+ AC+4}
HPRegen 3.69/turn    b - ring of Yrrapain {Wiz rF+ rC+ rN+}
MPRegen 1.43/turn

%: resist mutation, wizardry (x1)
@: studying Throwing, drained
A: hooves 3, yellow scales 3, demonic guardian 3, ignite blood 3, corrupting
presence 2, word of chaos, horns 1, large bone plates 1, strong-willed 1,
mutation resistance 3, robust 2, shaggy fur 1, inhibited regeneration, engulf
0: Orb of Zot
}: 3/15 runes: barnacled, silver, gossamer
a: Word of Chaos, Renounce Religion, Oozemancy, Slimify


You escaped.
You worshipped Jiyva.
Jiyva was extremely pleased with you.
You visited 11 branches of the dungeon, and saw 51 of its levels.
You visited the Abyss 1 time.
You visited 3 bazaars.
You also visited: Ossuary and Ice Cave.

You collected 9136 gold pieces.
You spent 6114 gold pieces at shops.

Inventory:

Hand Weapons
 g - a +4 eveningstar of chaos
 H - the +8 Vampire's Tooth (weapon) {megavamp}
   (You found it on level 3 of the Crypt)
Missiles
 e - 18 atropa-tipped darts
 f - 36 boomerangs (quivered)
 h - 68 poisoned darts
 u - 7 curare-tipped darts
 T - 16 silver javelins
 V - 14 javelins
 W - 5 throwing nets
Armour
 l - a +2 cloak (worn)
 n - a +4 crystal plate armour (worn)
 r - the +18 shield of the Gong {Loud rN+ Will+ rCorr EV-5}
   (You found it on level 1 of the Vaults)

   Loud:      It is deafeningly noisy when blocking attacks.
   EV-5:      It affects your evasion (-5).
   rN+:       It protects you from negative energy.
   Will+:     It increases your willpower.
   rCorr:     It protects you from acid and corrosion.
 z - a +2 pair of gloves (worn)
 M - a +2 tower shield (worn)
Jewellery
 b - the ring of Yrrapain (right hand) {Wiz rF+ rC+ rN+}
   (Xom gifted it to you on level 2 of the Lair of Beasts)

   [ring of wizardry]

   Wiz:       It improves your spell success rate.
   rF+:       It protects you from fire.
   rC+:       It protects you from cold.
   rN+:       It protects you from negative energy.
 A - the ring of Contention (left hand) {rPois rF+ AC+4}
   (You bought it in a shop in a bazaar)

   [ring of protection]

   AC+4:      It affects your AC (+4).
   rF+:       It protects you from fire.
   rPois:     It protects you from poison
 O - the ring "Jeujiamysa" {rC+ EV+5 SInv Stlth-}
   (You found it on level 3 of the Elven Halls)

   [ring of evasion]

   EV+5:      It affects your evasion (+5).
   rC+:       It protects you from cold.
   SInv:      It lets you see invisible.
   Stlth-:    It makes you less stealthy.
 Q - the amulet of Vitality (around neck) {RegenMP++ Regen++}
   (You took it off a deep elf sorcerer on level 2 of the Elven Halls)

   [amulet of magic regeneration]

   RegenMP:   It increases your rate of magic regeneration.
   Regen++:   It increases your rate of health regeneration.
 X - a ring of flight
 Z - a +4 ring of slaying
Wands
 a - a wand of charming (62)
 d - a wand of iceblast (72)
 w - a wand of polymorph (20)
 I - a wand of digging (22)
 K - a wand of mindburst (46)
 L - a wand of quicksilver (42)
Scrolls
 c - a scroll of butterflies
 j - 3 scrolls of summoning
 t - 4 scrolls of poison
 x - 7 scrolls of fear
 y - 5 scrolls of blinking
 C - a scroll of enchant weapon
 F - 7 scrolls of revelation
 R - 20 scrolls of teleportation
 S - 11 scrolls of fog
Potions
 k - 6 potions of magic
 m - 7 potions of mutation
 o - 9 potions of enlightenment
 q - a potion of resistance
 s - 4 potions of might
 v - 7 potions of ambrosia
 B - 4 potions of cancellation
 D - 2 potions of berserk rage
 G - 9 potions of heal wounds
 J - 6 potions of invisibility
 N - 7 potions of haste
 P - 16 potions of curing
Miscellaneous
 i - a box of beasts
 p - a lightning rod (4/4)
 E - a phial of floods
 Y - a phantom mirror


   Skills:
 O Level 27 Fighting
 - Level 14.0 Short Blades
 - Level 15.9 Maces & Flails
 + Level 15.5 Throwing
 - Level 20.9 Armour
 - Level 8.0 Dodging
 - Level 18.0 Shields
 - Level 10.0 Evocations


You had 25 spell levels left.
You didn't know any spells.
Your spell library contained the following spells:

 Spells                   Type           Power      Damage    Failure   Level
 Apportation              Tloc           0%         N/A       99%         1
 Foxfire                  Conj/Fire      0%         2x1d4     99%         1
 Freeze                   Ice            0%         1d3       99%         1
 Necrotise                Necr           0%         1d4       99%         1
 Sandblast                Erth           0%         2d4       99%         1
 Shock                    Conj/Air       0%         1d3       99%         1
 Slow                     Hex            0%         N/A       99%         1
 Summon Small Mammal      Summ           0%         N/A       99%         1
 Blink                    Tloc           0%         N/A       99%         2
 Cigotuvi's Dreadful Rot  Necr/Pois/Air  0%         N/A       99%         2
 Jinxbite                 Hex            0%         N/A       99%         2
 Lesser Beckoning         Tloc           0%         N/A       99%         2
 Momentum Strike          Conj/Tloc      0%         3d8       99%         2
 Passwall                 Tmut/Erth      0%         N/A       99%         2
 Scorch                   Fire           0%         2d5       99%         2
 Static Discharge         Conj/Air       0%         2-2/arc   99%         2
 Wereblood                Tmut           0%         N/A       99%         2
 Dazzling Flash           Conj/Hex       0%         N/A       100%        3
 Frozen Ramparts          Ice            0%         1d1       100%        3
 Ignite Poison            Fire/Tmut/Pois 0%         N/A       100%        3
 Inner Flame              Hex/Fire       0%         N/A       100%        3
 Mephitic Cloud           Conj/Pois/Air  0%         N/A       100%        3
 Ozocubu's Armour         Ice            0%         N/A       100%        3
 Stone Arrow              Conj/Erth      0%         3d7       100%        3
 Swiftness                Air            0%         N/A       100%        3
 Tukima's Dance           Hex            0%         N/A       100%        3
 Vampiric Draining        Necr           0%         2d6       100%        3
 Airstrike                Air            0%         2d(0-16)  100%        4
 Animate Dead             Necr           0%         N/A       100%        4
 Brom's Barrelling Bould  Conj/Erth      0%         2d3       100%        4
 Dimensional Bullseye     Hex/Tloc       0%         N/A       100%        4
 Flame Wave               Conj/Fire      0%         2d4       100%        4
 Iskenderun's Mystic Bla  Conj/Tloc      0%         2d3       100%        4
 Leda's Liquefaction      Hex/Erth       0%         N/A       100%        4
 Passage of Golubria      Tloc           0%         N/A       100%        4
 Petrify                  Tmut/Erth      0%         N/A       100%        4
 Sticky Flame             Conj/Fire      0%         2d3       100%        4
 Summon Ice Beast         Ice/Summ       0%         N/A       100%        4
 Summon Lightning Spire   Summ/Air       0%         N/A       100%        4
 Vhi's Electric Charge    Tloc/Air       0%         N/A       100%        4
 Agony                    Necr           0%         N/A       100%        5
 Alistair's Intoxication  Tmut/Pois      0%         N/A       100%        5
 Arcjolt                  Conj/Air       0%         1d10      100%        5
 Borgnjor's Vile Clutch   Necr/Erth      0%         N/A       100%        5
 Freezing Cloud           Conj/Ice/Air   0%         6-21      100%        5
 Metabolic Englaciation   Hex/Ice        0%         N/A       100%        5
 Silence                  Hex/Air        0%         N/A       100%        5
 Yara's Violent Unravell  Hex/Tmut       0%         3d3       100%        5
 Bombard                  Conj/Erth      0%         9d1       100%        6
 Conjure Ball Lightning   Conj/Air       0%         3x3d6     100%        6
 Death Channel            Necr           0%         N/A       100%        6
 Eringya's Noxious Bog    Tmut/Pois      0%         4d6       100%        6
 Plasma Beam              Fire/Air       0%         2x1d10    100%        6
 Simulacrum               Ice/Necr       0%         N/A       100%        6
 Starburst                Conj/Fire      0%         6d3       100%        6
 Summon Cactus Giant      Summ           0%         N/A       100%        6
 Haunt                    Necr/Summ      0%         N/A       100%        7
 Ozocubu's Refrigeration  Ice            0%         4d7       100%        7
 Discord                  Hex            0%         N/A       100%        8
 Disjunction              Tloc           0%         N/A       100%        8
 Infestation              Necr           0%         N/A       100%        8
 Maxwell's Capacitive Co  Air            0%         ∞         100%        8
 Chain Lightning          Conj/Air       0%         N/A       100%        9


Dungeon Overview and Level Annotations

Branches:
Dungeon (15/15)            Temple (0/1) D:6            Lair (5/5) D:10
 Shoals (4/4) Lair:2       Spider (4/4) Lair:2        Slime (0/5) Lair:4
    Orc (2/2) D:11            Elf (3/3) Orc:2        Vaults (5/5) D:13
  Crypt (3/3) Vaults:2       Tomb (1/3) Crypt:3      Depths (4/4) D:15
    Zot (5/5) Depths:4    Ossuary (visited)           IceCv (visited)

Altars:
Ashenzari
Cheibriados
Dithmenos
Fedhas
Hepliaklqana
Kikubaaqudgha
Makhleb
Nemelex Xobeh
Okawaru
Sif Muna
Trog
Vehumet
Xom
Yredelemnul
Jiyva

Shops:
D:9 (?   Orc:2 ((=![**   Elf:2 =:**   Shoals:1 *   Shoals:3 *??   Shoals:4 ?
Vaults:1 =   Vaults:3 *   Vaults:4 !

Portals:
Hell: Depths:1 Depths:2 Depths:3 Depths:4
Abyss: Depths:1 Depths:2 Depths:3
Pandemonium: Depths:2
Ziggurat: Depths:3

Annotations:
D:9 1 exclusion
D:10 2 transporters
Lair:3 3 runed translucent doors, DocEon's ghost, journeyman GrMo
Shoals:2 Roxanne
Elf:2 3 runed translucent doors
Depths:1 2 transporters, snackwell's ghost, veteran DsSh
Depths:3 2 transporters, olddryhag's ghost, veteran DsRe
Zot:2 2 transporters


Innate Abilities, Weirdness & Mutations

You have hooves in place of feet.
You are completely covered in yellow scales. (AC +4, rCorr)
A powerful demonic guardian rushes to your aid.
Your demonic aura causes all spilled blood to erupt in flames.
Your presence sometimes corrodes or deforms those you injure.
You can speak a Word of Chaos.
You have a pair of small horns on your head.
You are partially covered in large bone plates. (SH +4)
You are strong-willed. (Will+)
You are almost entirely resistant to further mutation and mutation removal.
You are very robust. (+20% HP)
You are covered in fur. (AC +1)
You do not regenerate when monsters are visible.
Your melee attacks may engulf your foes in ooze.


Message History

The sphere of damnation explodes!
The damnation engulfs you!!
There is a stone staircase leading up here.
You see here a potion of degeneration.
You climb upwards.
There is a stone staircase leading down here.
(D) Dungeon (T) Temple (L) Lair (A) Shoals (N) Spider Nest (M) Slime Pits (O) Orcish Mines (E) Elven Halls (V) Vaults (C) Crypt (W) Tomb (U) Depths (H) Hell (Z) Zot
Where to? (Tab/Enter - D:1 @ (x,y), ? - help)
You hear a distant slurping noise.
You hear a distant slurping noise. 3 hell hounds come into view.
The hell hound barks! x2
The hell hound moves out of view.
You hear a distant slurping noise.
You see here a +0 dagger.
You hear a distant slurping noise.
There is a stone staircase leading up here.
You climb upwards.
There is a stone staircase leading down here.
(D) Dungeon (T) Temple (L) Lair (A) Shoals (N) Spider Nest (M) Slime Pits (O) Orcish Mines (E) Elven Halls (V) Vaults (C) Crypt (W) Tomb (U) Depths (H) Hell (Z) Zot
Where to? (Tab/Enter - D:1 @ (x,y), ? - help) HP restored.
There is a stone staircase leading up here.
You climb upwards.
There is a stone staircase leading down here.
There is a stone staircase leading up here.
There is a stone staircase leading up here.
You climb upwards.
There is a stone staircase leading down here.
There is an open gate here.
There is an open door here.
There is an open door here.
There is an open door here.
There is a staircase leading out of the dungeon here.
You have escaped!

#.#~.~...≈.≈#.# ####
#.#~.......≈#.#######
#.#.........#........
#.#.........#########
#.#.........#..# ##
#.#####'#####..# .# #.#...#.♣♣♣
#..# .# #.#...#♣..♣♣#..# .#
#.#.@.#♣♣♣.♣#..###### .#
#.#...####'##........ .#
#.#...'....♣##.###### ###
#.###########........
..###########.#...##....#..#.####
#.#...........#....#.##.#..#.....
#.#.#############..#.#..#..#.####
#.#.# #......#..#.#..#..#.....
#.#.# #.####.#..#.#..#..######


There were no monsters in sight!

Vanquished Creatures
  4 dread liches
  An orb of fire (Zot:1)
  An ancient lich (Zot:5)
  3 Killer Klowns
  Frederick (Vaults:2)
  Saint Roka (Depths:2)
  2 curse toes
  12 caustic shrikes
  7 golden dragons
  A profane servitor (Crypt:2)
  Nikola (Spider:1)
  Arachne (Spider:2)
  4 electric golems
  2 bone dragons
  Zenata (Vaults:2)
  2 walking earthen tomes (Depths:2)
  14 tentacled monstrosities
  Jorgrun (Spider:1)
  20 Orb Guardians
  An Ice Fiend (Depths:3)
  4 quicksilver dragons
  2 deep elf blademasters (Elf:3)
  2 deep elf master archers (Elf:3)
  5 liches
  8 titans
  An Executioner (Zot:2)
  A kraken (Shoals:2)
  12 sphinxes
  2 walking frostbound tomes (Depths:2)
  10 death cobs
  12 storm dragons
  Gastronok (Lair:1)
  4 ancient champions
  3 tengu reavers
  Aizul (Elf:1)
  9 shadow dragons
  5 draconian monks
  A revenant (Vaults:2)
  10 frost giants
  5 draconian knights
  5 fire giants
  7 deep elf sorcerers
  3 iron dragons
  2 juggernaut zombies
  19 vault wardens
  6 deep elf elementalists (Elf:3)
  8 emperor scorpions
  3 draconian scorchers
  2 curse skulls
  5 ghost moths
  4 caustic shrike zombies
  3 orc warlords
  22 very ugly things
  3 draconian stormcallers (Zot:1)
  6 draconian shifters
  4 ghouls (Crypt:2)
  5 war gargoyles
  A quicksilver ooze (Lair:5)
  2 draconian annihilators (Zot:3)
  4 ironbound thunderhulks
  A cacodemon (Abyss:3)
  2 juggernaut skeletons
  23 ironbound preservers
  A formless jellyfish (Shoals:4)
  11 vampire knights
  4 deep elf demonologists (Elf:3)
  9 stone giants
  4 broodmothers
  7 green draconians
  7 deep elf annihilators
  Azrael (D:13)
  6 black draconians
  8 yellow draconians
  14 red draconians
  A dire elephant (shapeshifter) (Vaults:5)
  6 purple draconians
  3 dire elephants (Vaults:3)
  2 minotaurs (D:12)
  3 eidola
  14 spark wasps
  9 white draconians
  10 deep elf death magi
  2 mummy priests (Tomb:1)
  10 merfolk impalers
  4 merfolk javelineers
  10 ettins
  3 crystal guardians (Crypt:3)
  3 jiangshi
  5 fire dragons
  8 entropy weavers
  A deep elf high priest (Vaults:1)
  12 yaktaur captains
  5 great orbs of eyes
  A spriggan zombie (Depths:2)
  4 ice dragons
  38 vault guards
  3 rakshasas (Depths:2)
  Erolcha (Orc:2)
  Fannar (D:10)
  3 caustic shrike simulacra
  A merfolk avatar (Shoals:1)
  2 spriggan air magi
  An ogre mage (D:13)
  A hydra (shapeshifter) (Elf:1)
  A jorogumo (Spider:3)
  3 catoblepae
  2 hydras
  4 radroaches
  10 centaur warriors
  11 ironbound frosthearts
  3 two-headed ogres
  22 dancing weapons
  2 death knights
  12 death yaks
  2 satyrs (Shoals:2)
  7 boulder beetles
  2 alligator snapping turtles
  11 deep troll shamans
  4 tengu warriors
  5 merfolk aquamancers
  2 titan zombies
  A bennu skeleton (Crypt:1)
  3 spriggan berserkers (Depths:2)
  10 deep troll earth magi
  5 demonic crawlers
  9 vampire magi
  An orc high priest (Orc:2)
  A thrashing horror (Abyss:3)
  4 soul eaters
  A spriggan (Depths:2)
  Nergalle (D:10)
  9 deep elf knights
  5 large abominations
  16 hell knights
  A storm dragon zombie (Crypt:2)
  14 iron trolls
  A sixfirhy (Depths:4)
  6 pharaoh ants
  A fire crab (Depths:4)
  A shadow wraith (Crypt:2)
  32 skeletal warriors
  17 sea snakes
  5 skysharks
  Lodul (D:13)
  11 orb spiders
  A bunyip zombie (Crypt:2)
  4 glowing orange brains
  Pikel (D:4)
  3 flayed ghosts (Crypt:2)
  A spriggan druid (Depths:1)
  87 deep trolls
  A spriggan simulacrum (Crypt:2)
  8 wizards
  32 harpies
  8 orc knights
  2 bunyip skeletons (Crypt:3)
  A shadow dragon zombie (D:15)
  9 lindwurms
  2 orange crystal statues (IceCv)
  An eleionoma zombie (Crypt:1)
  4 steelbarb worms
  17 necromancers
  8 deep elf archers
  18 deep elf pyromancers
  23 ironbound convokers
  11 cyclopes
  A shadow dragon skeleton (Depths:3)
  A mana viper (shapeshifter) (Vaults:4)
  12 orc sorcerers
  12 phantasmal warriors
  32 ugly things
  18 deep elf zephyrmancers
  An iron dragon zombie (Crypt:2)
  15 wolf spiders
  13 fauns
  A fire giant zombie (D:15)
  19 moths of wrath
  20 manticores
  10 merfolk sirens
  2 dire elephant zombies
  3 stone giant skeletons
  5 black mambas
  21 vault sentinels
  2 ice statues (Shoals:2)
  3 elephants (Lair:5)
  Joseph (D:9)
  20 slime creatures
  2 guardian serpents
  2 rust devils (Depths:2)
  5 torpor snails
  An orange demon (Depths:2)
  3 smoke demons
  A minotaur zombie (Crypt:2)
  5 water nymphs
  A dire elephant skeleton (Crypt:2)
  A cane toad (shapeshifter) (D:14)
  A hellion (Depths:2)
  2 naga skeletons
  4 gargoyles
  14 cane toads
  5 unseen horrors
  An alligator snapping turtle zombie (Crypt:2)
  A steelbarb worm zombie (Crypt:2)
  An unseen horror (shapeshifter) (D:14)
  50 yaktaurs
  2 kobold demonologists
  A centaur skeleton (Crypt:2)
  2 spark wasp simulacra (Depths:3)
  A rime drake (Lair:4)
  7 tengu conjurers
  2 anaconda simulacra (IceCv)
  An ice devil (Depths:2)
  13 komodo dragons
  A death yak skeleton (Crypt:2)
  8 freezing wraiths
  3 harpy zombies
  A golden dragon simulacrum (IceCv)
  7 guardian mummies (Tomb:1)
  A green draconian skeleton (Crypt:1)
  5 trolls
  19 merfolk
  7 polar bears
  6 wind drakes
  A meliai (shapeshifter) (D:13)
  2 alligator simulacra (IceCv)
  Grinder (D:6)
  12 hornets
  7 snapping turtles
  27 tarantellas
  A troll (shapeshifter) (D:14)
  6 blink frogs
  Prince Ribbit (D:6)
  A radroach zombie (Crypt:1)
  A fire dragon zombie (Crypt:3)
  A frost giant simulacrum (Depths:2)
  3 air elementals
  8 dream sheep
  16 jumping spiders
  A centaur simulacrum (D:15)
  10 water elementals
  38 flying skulls
  69 yaks
  17 culicivoras
  2 wyverns
  An ettin skeleton (Crypt:3)
  A ynoxinul (Depths:2)
  Grum (D:8)
  A wraith (Crypt:2)
  4 basilisks
  3 ushabtiu (Tomb:1)
  3 neqoxecs
  4 fire elementals
  A human (D:13)
  64 redbacks
  3 vampire mosquitoes (D:11)
  4 chaos spawn (Depths:2)
  8 wargs
  A naga (Orc:1)
  Menkaure (D:7)
  2 harpy simulacra
  6 water moccasins
  6 hell hounds
  A naga zombie (Crypt:3)
  A merfolk skeleton (Crypt:2)
  An acid dragon (D:10)
  A hydra simulacrum (Crypt:2)
  2 floating eyes (Depths:2)
  24 orc warriors
  A wandering mushroom (D:7)
  5 small abominations
  3 ice beasts
  13 black bears
  5 ettin simulacra
  A fire dragon simulacrum (Crypt:2)
  15 ogres
  19 wolves
  A tengu (Lair:2)
  An elephant skeleton (Crypt:1)
  4 centaurs
  3 lemures (D:4)
  2 phantoms
  3 elf zombies (Elf:1)
  4 kobold brigands
  7 bullfrogs
  3 necrophages (Crypt:3)
  A wyvern zombie (Crypt:1)
  4 gnoll sergeants
  2 earth elementals
  12 scorpions
  A troll zombie (Crypt:2)
  A water moccasin skeleton (Crypt:2)
  5 wights (D:7)
  Dowan (D:6)
  11 killer bees (D:8)
  3 electric eels
  4 howler monkeys (D:7)
  A human zombie (Crypt:2)
  A black bear zombie (Crypt:2)
  4 centaur zombies
  A hound (D:5)
  Crazy Yiuf (D:7)
  3 gnoll boudas
  15 orc priests
  2 iguanas (D:6)
  26 orc wizards
  5 hell rats (Lair:5)
  A sky beast zombie (Crypt:1)
  A deep dwarf skeleton (Crypt:1)
  8 mummies
  37 gnolls
  8 adders
  5 river rats (Lair:5)
  2 shadow imps
  4 white imps
  An ufetubus (D:4)
  3 worms
  A dart slug (D:3)
  73 orcs
  7 ball pythons
  3 endoplasms
  4 giant cockroaches
  4 goblins
  8 hobgoblins
  5 quokkas
  2 bats (D:2)
  A frilled lizard (D:1)
  A frilled lizard skeleton (Crypt:1)
  2 goblin zombies (Ossuary)
  26 kobolds
  2 kobold zombies (Ossuary)
  2 orc zombies
  12 rats
  A rat skeleton (Crypt:2)
  3 tentacles (Shoals:2)
2247 creatures vanquished.

Vanquished Creatures (collateral kills)
  An orb of fire (Zot:5)
  A Killer Klown (Zot:5)
  A golden dragon (Depths:2)
  A tentacled monstrosity (Zot:1)
  An Orb Guardian (Zot:5)
  A sphinx (Tomb:1)
  An ancient champion (Crypt:2)
  A storm dragon (Zot:1)
  A frost giant (Depths:2)
  2 fire giants
  A draconian knight (Depths:4)
  A vault warden (Vaults:5)
  A draconian shifter (Zot:3)
  2 very ugly things (Depths:2)
  A formless jellyfish (Vaults:2)
  2 stone giants
  A yellow draconian (Zot:1)
  A spark wasp (Depths:2)
  An ettin (Vaults:5)
  A merfolk impaler (Shoals:3)
  An entropy weaver (Spider:2)
  A spriggan zombie (Crypt:2)
  A deep elf high priest (Elf:3)
  A jorogumo (Spider:2)
  A deep troll shaman (Depths:2)
  A death yak (Lair:5)
  A demonic crawler (Spider:4)
  2 hell knights (Depths:2)
  A vampire mage (Crypt:1)
  A sea snake (Shoals:1)
  4 skeletal warriors
  3 deep trolls
  2 lindwurms (Vaults:1)
  2 ironbound convokers
  A steelbarb worm (Spider:2)
  A deep elf pyromancer (Elf:2)
  A deep elf zephyrmancer (Elf:2)
  An orc sorcerer (Orc:2)
  A manticore (Shoals:1)
  A stone giant zombie (Crypt:3)
  An elephant (Lair:5)
  A merfolk siren (Shoals:4)
  2 water nymphs (Shoals:4)
  A torpor snail (Lair:5)
  A cane toad (Lair:3)
  A komodo dragon (Lair:3)
  An anaconda simulacrum (IceCv)
  A yaktaur (Vaults:1)
  3 freezing wraiths
  A guardian mummy (Crypt:2)
  5 merfolk
  A hornet (shapeshifter) (Shoals:2)
  4 tarantellas
  3 alligator simulacra (IceCv)
  A snapping turtle (Shoals:2)
  A wind drake (Shoals:2)
  A dream sheep (Lair:3)
  A jumping spider (Spider:2)
  A slime creature (D:13)
  2 flying skulls
  A wraith (Crypt:1)
  A culicivora (Spider:4)
  Sigmund (D:2)
  2 yaks
  A chaos spawn (Depths:2)
  2 water moccasins
  A hydra simulacrum (IceCv)
  2 orc warriors
  An ice beast (D:5)
  A black bear (shapeshifter) (D:10)
  A wolf (D:8)
  A komodo dragon skeleton (Crypt:1)
  A necrophage (Crypt:3)
  A scorpion (D:5)
  3 wights (D:7)
  A lindwurm simulacrum (IceCv)
  A hound (D:5)
  A human zombie (Crypt:1)
  An orc wizard (Orc:2)
  A mummy (Tomb:1)
  2 gnolls
  A white imp (D:5)
  4 orcs
  A hobgoblin (D:7)
  A bat (D:2)
  A kobold (D:9)
  An orc zombie (D:7)
120 creatures vanquished.

Vanquished Creatures (others)
  An Orb Guardian (Zot:5)
  A fire giant (Depths:2)
  A vault warden (Vaults:4)
  A very ugly thing (Vaults:5)
  A bunyip (shapeshifter) (Vaults:5)
  A yaktaur captain (Vaults:5)
  2 great orbs of eyes
  2 dancing weapons
  A death yak (Lair:5)
  A skyshark (shapeshifter) (Vaults:5)
  3 glowing orange brains
  A tengu zombie (Depths:2)
  An orc knight (Orc:1)
  A deep elf archer (Elf:3)
  A harpy (shapeshifter) (Vaults:5)
  A mana viper (shapeshifter) (Depths:4)
  An orc sorcerer (Orc:1)
  A cyclops (shapeshifter) (Vaults:5)
  A guardian serpent (shapeshifter) (Vaults:5)
  An elephant (Lair:5)
  A yaktaur (Vaults:1)
  An unseen horror (shapeshifter) (Vaults:5)
  A slime creature (shapeshifter) (Vaults:5)
  2 yaks (Lair:4)
  2 redbacks (Spider:1)
  3 orc warriors
  A floating eye (shapeshifter) (Depths:1)
  A tengu (shapeshifter) (Vaults:5)
  53 jellies
  An orc priest (Orc:1)
  3 orc wizards
  5 orcs
  12 tentacles (Shoals:2)
110 creatures vanquished.

Grand Total: 2477 creatures vanquished

Notes
Turn   | Place    | Note
-------+----------+-------------------------------------------
     0 | D:1      | Midn8 the Demonspawn Chaos Knight began the quest for the
                  | Orb.
     0 | D:1      | Reached XP level 1. HP: 18/18 MP: 1/1
   221 | D:1      | XOM: butterfly on damage
   223 | D:1      | Gained mutation: You have large cloven feet. [demonic
                  | ancestry]
   223 | D:1      | Reached XP level 2. HP: 17/24 MP: 2/2
   588 | D:1      | XOM: noise
   652 | D:1      | XOM: silly message
   884 | D:1      | XOM: silly message
   901 | D:1      | XOM: silly message
  1222 | D:1      | XOM: cloud trail
  1346 | D:1      | XOM: divination: detect items
  1430 | D:2      | Gained mutation: A weak demonic guardian rushes to your
                  | aid. [demonic ancestry]
  1430 | D:2      | Reached XP level 3. HP: 27/29 MP: 3/3
  1536 | D:2      | Noticed Sigmund
  1539 | D:2      | XOM: potion effect (attraction)
  1543 | D:2      | Killed Sigmund
  1544 | D:2      | Reached skill level 5 in Maces & Flails
  1544 | D:2      | Reached XP level 4. HP: 16/35 MP: 4/4
  1544 | D:2      | Reached XP level 5. HP: 19/41 MP: 5/5
  1602 | D:1      | XOM: give mutations
  1602 | D:1      | Gained mutation: You have an increased reservoir of magic.
                  | (+10% MP) [Xom's mischief]
  1602 | D:1      | Gained mutation: You have a pair of small horns on your
                  | head. [Xom's mischief]
  1602 | D:1      | Gained mutation: You occasionally lose the ability to drink
                  | potions when taking damage. [Xom's mischief]
  1603 | D:1      | XOM: give mutations
  1603 | D:1      | Gained mutation: You are strong-willed. (Will+) [Xom's
                  | grace]
  1603 | D:1      | Gained mutation: Your mind is acute. (Int +4, Str/Dex -1)
                  | [Xom's grace]
  1603 | D:1      | Gained mutation: You have a considerably increased
                  | reservoir of magic. (+20% MP) [Xom's grace]
  1787 | D:2      | XOM: 9-stop teleportation journey
  1855 | D:2      | XOM: cloud trail
  2162 | D:3      | XOM: noise
  2169 | D:3      | Reached XP level 6. HP: 38/47 MP: 7/7
  2230 | D:3      | XOM: scenery: summon butterflies
  2331 | D:3      | Found a burning altar of Makhleb.
  2393 | D:3      | XOM: scenery: summon butterflies
  2409 | D:3      | Found a hazy altar of Hepliaklqana.
  2594 | D:3      | XOM: cloud trail
  2921 | D:4      | XOM: divination: magic mapping
  2956 | D:4      | XOM: silly message
  3003 | D:4      | XOM: cast spell 'Cause Fear'
  3161 | D:4      | XOM: 2-stop teleportation journey
  3325 | D:4      | Found a snail-covered altar of Cheibriados.
  3337 | D:4      | Noticed Pikel
  3341 | D:4      | XOM: confuse monster(s)
  3376 | D:4      | XOM: cast spell 'Summon Ice Beast'
  3377 | D:4      | XOM: divination: magic mapping
  3383 | D:4      | XOM: confuse monster(s)
  3390 | D:4      | Killed Pikel
  3391 | D:4      | Reached skill level 4 in Fighting
  3391 | D:4      | Gained mutation: You have hoof-like feet. [demonic
                  | ancestry]
  3391 | D:4      | Reached XP level 7. HP: 29/55 MP: 8/8
  3543 | D:5      | Entered Level 5 of the Dungeon
  3568 | D:5      | Reached skill level 5 in Fighting
  3575 | D:5      | XOM: cast spell 'Dispersal'
  3578 | D:5      | XOM: confuse monster(s)
  3584 | D:5      | Gained mutation: You are partially covered in yellow
                  | scales. (AC +2) [demonic ancestry]
  3584 | D:5      | Reached XP level 8. HP: 58/62 MP: 9/9
  3635 | D:5      | Reached skill level 1 in Throwing
  3713 | D:5      | XOM: god gift: 52 gold pieces
  3961 | D:5      | Found a shadowy altar of Dithmenos.
  4496 | D:6      | Found a sparkling altar of Nemelex Xobeh.
  4622 | D:6      | Noticed Dowan
  4662 | D:6      | Killed Dowan
  4717 | D:6      | Noticed Grinder
  4737 | D:6      | Paralysed by Grinder for 2 turns
  4747 | D:6      | Killed Grinder
  4748 | D:6      | Reached skill level 10 in Maces & Flails
  4748 | D:6      | Reached XP level 9. HP: 45/68 MP: 10/10
  4886 | D:6      | Found a bloodstained altar of Trog.
  4973 | D:6      | XOM: silly message
  5004 | D:6      | Noticed Duvessa
  5017 | D:6      | HP: 3/69 [Duvessa/+0 falchion (9)]
  5020 | D:6      | Duvessa changed into Duvessa the kobold
  5020 | D:6      | Noticed Duvessa
  5023 | D:6      | Killed Duvessa the kobold
  5258 | D:6      | Noticed Prince Ribbit
  5271 | D:6      | Killed Prince Ribbit
  5272 | D:6      | Reached skill level 6 in Fighting
  5500 | D:6      | Found a staircase to the Ecumenical Temple.
  5509 | D:6      | XOM: silly message
  5601 | D:6      | Reached skill level 7 in Fighting
  5622 | D:6      | XOM: noise
  5714 | D:6      | XOM: god gift: scroll labelled TESEAC NINER {god gift}
  5893 | D:7      | XOM is BORED!
  5893 | D:7      | Found the +1 Delatra's gloves {ID++}
  5893 | D:7      | XOM: 1-stop teleportation journey
  5962 | D:7      | Found a blossoming altar of Fedhas.
  5962 | D:7      | XOM: 1-stop teleportation journey
  5974 | D:7      | XOM: cast spell 'Monstrous Menagerie'
  6018 | D:7      | a sleepcap changed into a wandering mushroom
  6018 | D:7      | Noticed a wandering mushroom
  6018 | D:7      | XOM: polymorph sleepcap -> wandering mushroom
  6025 | D:7      | Noticed Maggie
  6032 | D:7      | XOM: divination: detect items
  6202 | D:7      | XOM: enchant monster (bad)
  6435 | D:7      | Found a sand-covered staircase.
  6443 | Ossuary  | Entered an ossuary
  6500 | Ossuary  | XOM: noise
  6511 | Ossuary  | XOM: summons friendly white imp
  6708 | D:7      | Maggie changed into Maggie the howler monkey
  6708 | D:7      | Noticed Maggie
  6716 | D:7      | Killed Maggie the howler monkey
  6733 | D:7      | Noticed Menkaure
  6735 | D:7      | XOM: potion effect (curing)
  6742 | D:7      | XOM: chaos upgrade
  6747 | D:7      | Killed Menkaure
  6835 | D:7      | XOM: cast spell 'Disjunction'
  6837 | D:7      | XOM: noise
  6854 | D:7      | XOM: 1-stop teleportation journey
  6909 | D:7      | XOM: cloud trail
  6942 | D:7      | XOM: enchant monster (bad)
  6955 | D:7      | XOM: chaos upgrade
  7040 | D:7      | Reached XP level 10. HP: 50/79 MP: 12/12
  7161 | D:7      | XOM: blink monster(s)
  7165 | D:7      | XOM: enchant monster (bad)
  7421 | D:7      | Found a runed translucent door.
  7422 | D:7      | Noticed Crazy Yiuf
  7804 | D:7      | XOM: summons 5 friendly demons
  7808 | D:7      | Killed Crazy Yiuf
  7936 | D:8      | XOM: enchant monster (good)
  8124 | D:8      | XOM: 2-stop teleportation journey
  8161 | D:8      | XOM: enchant monster (bad)
  8174 | D:8      | Reached skill level 1 in Dodging
  8180 | D:8      | XOM: confuse monster(s)
  8358 | D:8      | Noticed Grum
  8380 | D:8      | XOM: summons 3 friendly demons
  8412 | D:8      | Killed Grum
  8700 | D:8      | XOM: silly message
  8870 | D:8      | XOM: silly message
  9263 | D:9      | XOM: summons friendly ufetubus
  9306 | D:9      | XOM: cast spell 'Metabolic Englaciation'
  9367 | D:9      | Reached skill level 5 in Dodging
  9394 | D:9      | Noticed Joseph
  9433 | D:9      | XOM: smoke on damage
  9455 | D:9      | Killed Joseph
  9573 | D:9      | Found Lenur's Antique Weapon Boutique.
  9581 | D:9      | Bought a polished flail for 246 gold pieces
  9581 | D:9      | Identified the +6 flail of Caishrics {drain, SInv} (You
                  | bought it in a shop on level 9 of the Dungeon)
  9832 | D:9      | Found Tatasuf's Magic Scroll Boutique.
  9851 | D:9      | Bought a scroll of fear for 56 gold pieces
  9851 | D:9      | Bought a scroll of teleportation for 42 gold pieces
  9851 | D:9      | Bought a scroll of fog for 56 gold pieces
 10212 | D:10     | Entered Level 10 of the Dungeon
 10280 | D:10     | Found a transporter.
 10281 | D:10     | Noticed an orc knight
 10286 | D:10     | Noticed an orc sorcerer
 10331 | D:10     | XOM: silly message
 10338 | D:10     | Reached skill level 8 in Fighting
 10449 | D:10     | Noticed Fannar
 10470 | D:10     | Killed Fannar
 10719 | D:10     | Noticed a two-headed ogre
 10734 | D:10     | XOM: divination: detect creatures
 10741 | D:10     | Killed a two-headed ogre
 10742 | D:10     | Reached skill level 9 in Fighting
 10742 | D:10     | Reached XP level 11. HP: 27/89 MP: 13/13
 11013 | D:10     | Noticed Nergalle
 11033 | D:10     | Killed Nergalle
 11171 | D:10     | Found a transporter.
 11177 | D:10     | Noticed a two-headed ogre
 11215 | D:10     | XOM: potion effect (invisibility)
 11227 | D:10     | XOM: noise
 11379 | D:10     | Found a staircase to the Lair.
 11429 | D:10     | XOM: silly message
 11431 | D:10     | XOM: potion effect (brilliance)
 11589 | Lair:1   | Entered Level 1 of the Lair of Beasts
 11596 | Lair:1   | Noticed Gastronok
 11626 | Lair:1   | Killed Gastronok
 11696 | Lair:1   | Noticed an eight-headed hydra
 11705 | Lair:1   | Killed an eight-headed hydra
 11751 | Lair:1   | XOM: 1-stop teleportation journey
 11944 | Lair:1   | XOM: polymorph yak -> guardian serpent
 12048 | Lair:1   | XOM: summons 6 hostile demons
 12235 | Lair:1   | XOM: polymorph yak -> shapeshifter
 12236 | Lair:1   | XOM: swap monsters
 12237 | Lair:1   | Reached skill level 1 in Shields
 12243 | Lair:1   | XOM: enchant monster (good)
 12244 | Lair:1   | XOM: stat loss: -1 Int (17/18)
 12721 | Lair:1   | XOM: cast spell 'Metabolic Englaciation'
 12724 | Lair:1   | XOM: 7-stop teleportation journey
 12726 | Lair:1   | XOM: cleaving
 12920 | Lair:1   | XOM: 9-stop teleportation journey
 13040 | Lair:1   | XOM: draining
 13211 | Lair:1   | XOM: smoke on damage
 13211 | Lair:1   | XOM: torment (39/76 hp)
 13215 | Lair:1   | XOM: give mutation
 13215 | Lair:1   | Gained mutation: Your spells are a little harder to cast,
                  | but a little more powerful. [Xom's mischief]
 13453 | Lair:1   | XOM: silly message
 13667 | Lair:2   | XOM: swap monsters
 13674 | Lair:2   | XOM: summons 2 friendly demons
 13677 | Lair:2   | Reached skill level 5 in Shields
 13684 | Lair:2   | Gained mutation: You are mostly covered in yellow scales.
                  | (AC +3) [demonic ancestry]
 13684 | Lair:2   | Reached XP level 12. HP: 86/89 MP: 14/14
 13788 | Lair:2   | XOM: confusion
 13798 | Lair:2   | XOM: give mutations
 13798 | Lair:2   | Lost mutation: You have a considerably increased reservoir
                  | of magic. (+20% MP) [Xom's mischief]
 13798 | Lair:2   | Gained mutation: You are vulnerable to cold. (rC-) [Xom's
                  | mischief]
 13798 | Lair:2   | Gained mutation: Your muscles are strong. (Str +4, Int/Dex
                  | -1) [Xom's mischief]
 13832 | Lair:2   | XOM: 1-stop teleportation journey
 13930 | Lair:2   | XOM: polymorph black bear -> tengu
 13954 | Lair:2   | XOM: summons friendly white imp
 13963 | Lair:2   | HP: 2/95 [komodo dragon (20)]
 14036 | Lair:2   | XOM: give mutations
 14036 | Lair:2   | Gained mutation: Your spells are harder to cast, but more
                  | powerful. [Xom's grace]
 14036 | Lair:2   | Gained mutation: You have hidden genetic potential. [Xom's
                  | grace]
 14313 | Lair:2   | Noticed a demonic crawler
 14329 | Lair:2   | XOM: summons 3 friendly demons
 14337 | Lair:2   | XOM: torment (49/95 hp)
 14774 | Lair:2   | Identified the ring of Yrrapain {Wiz rF+ rC+ rN+} (Xom
                  | gifted it to you on level 2 of the Lair of Beasts)
 14774 | Lair:2   | XOM: god gift: ring of Yrrapain {Wiz rF+ rC+ rN+}
 14855 | Lair:2   | Found a staircase to the Shoals.
 14956 | Lair:2   | XOM: cloud trail
 14978 | Lair:2   | XOM: enchant monster (good)
 14999 | Lair:2   | XOM: give mutation
 14999 | Lair:2   | Gained mutation: You are highly strong-willed. (Will++)
                  | [Xom's grace]
 15162 | Lair:3   | Identified the +2 leather armour "Zoatwodudu" {Harm Will-
                  | Int-5 Slay+5}
 15204 | Lair:3   | XOM: silly message
 15241 | Lair:3   | XOM: destruction
 15331 | Lair:3   | XOM: 1-stop teleportation journey
 15467 | Lair:3   | XOM: 1-stop teleportation journey
 15488 | Lair:3   | XOM: noise
 15706 | Lair:3   | Identified a scroll of acquirement
 15709 | Lair:3   | Upgraded the game from 0.31-a0-841-g038b102fc3 to
                  | 0.31-a0-844-gdc52ec4e09
 15740 | Lair:3   | XOM: blink monster(s)
 15749 | Lair:3   | Acquired the +6 scale mail "Rosch" {-Cast Str+2 Dex+4 SInv}
 15768 | Lair:3   | XOM: summons 3 hostile shadow creatures
 15769 | Lair:3   | Noticed a death yak
 15769 | Lair:3   | Noticed a death yak
 15769 | Lair:3   | Noticed a death yak
 15769 | Lair:3   | Noticed a death yak
 15769 | Lair:3   | Noticed a death yak
 15769 | Lair:3   | Noticed a death yak
 15770 | Lair:3   | XOM: fog
 15920 | Lair:3   | XOM: summons 4 friendly demons
 15921 | Lair:3   | XOM: summons 2 friendly demons
 15922 | Lair:3   | XOM: summons friendly crimson imp
 16044 | Lair:3   | XOM: potion effect (invisibility)
 16150 | Lair:3   | Found a runed translucent gate.
 16150 | Lair:3   | Found a runed translucent gate.
 16150 | Lair:3   | Found a runed translucent gate.
 16152 | Lair:3   | Noticed a 13-headed hydra
 16153 | Lair:3   | Noticed DocEon's ghost (journeyman GrMo)
 16153 | Lair:3   | Noticed a ten-headed hydra
 16418 | Lair:3   | XOM: give mutations
 16418 | Lair:3   | Lost mutation: You are highly strong-willed. (Will++)
                  | [Xom's mischief]
 16418 | Lair:3   | Gained mutation: Your muscles are very strong. (Str +8,
                  | Int/Dex -2) [Xom's mischief]
 16418 | Lair:3   | Gained mutation: Armour fits poorly on your strangely
                  | shaped body. [Xom's mischief]
 16418 | Lair:3   | Lost mutation: You have an increased reservoir of magic.
                  | (+10% MP) [Xom's mischief]
 16670 | Lair:4   | XOM: blink monster(s)
 16770 | Lair:4   | XOM: cleaving
 16774 | Lair:4   | Reached skill level 10 in Shields
 16779 | Lair:4   | XOM is BORED!
 16779 | Lair:4   | Found a staircase to the Slime Pits.
 16779 | Lair:4   | Found a viscous altar of Jiyva.
 16779 | Lair:4   | XOM: 6-stop teleportation journey
 17007 | Lair:4   | Noticed a six-headed hydra
 17012 | Lair:4   | XOM: silly message
 17018 | Lair:4   | Killed a six-headed hydra
 17024 | Lair:4   | Identified the +5 flail "Ofredy" {heavy, Stlth+}
 17039 | Lair:4   | XOM: god gift: book of Cantrips
 17047 | Lair:4   | Reached skill level 10 in Fighting
 17343 | Lair:4   | XOM: divine lightning
 17368 | Lair:4   | XOM: god gift: wand of charming (3)
 17378 | Lair:4   | XOM: polymorph komodo dragon -> guardian serpent
 17379 | Lair:4   | XOM: potion effect (invisibility)
 17383 | Lair:4   | Gained mutation: A demonic guardian rushes to your aid.
                  | [demonic ancestry]
 17383 | Lair:4   | Reached XP level 13. HP: 103/104 MP: 13/13
 17665 | Lair:4   | XOM: give mutations
 17665 | Lair:4   | Gained mutation: You are highly strong-willed. (Will++)
                  | [Xom's grace]
 17665 | Lair:4   | Gained mutation: You expend magic power (3 MP) to
                  | strengthen your wands. [Xom's grace]
 17747 | Lair:5   | Entered Level 5 of the Lair of Beasts
 17772 | Lair:5   | XOM: summons 4 friendly demons
 17773 | Lair:5   | XOM: cast spell 'Chain of Chaos'
 17775 | Lair:5   | XOM: cast spell 'Disjunction'
 17846 | Lair:5   | XOM: scenery: create altars
 17855 | Lair:5   | Reached skill level 11 in Fighting
 17883 | Lair:5   | XOM: summons 13 friendly demons
 17888 | Lair:5   | XOM: divine lightning
 17901 | Lair:5   | XOM: potion effect (attraction)
 17904 | Lair:5   | XOM: polymorph cane toad -> black bear
 17920 | Lair:5   | Gained mutation: You have a somewhat thin skeletal
                  | structure. (Dex +2, Stealth+) [hidden potential]
 17924 | Lair:5   | XOM: smoke on damage
 17925 | Lair:5   | XOM: destruction
 17927 | Lair:5   | Reached skill level 12 in Fighting
 18144 | Lair:5   | XOM: give mutations
 18144 | Lair:5   | Gained mutation: A frigid envelope surrounds you and
                  | freezes all who hurt you. [Xom's grace]
 18144 | Lair:5   | Lost mutation: You are vulnerable to cold. (rC-) [Xom's
                  | grace]
 18144 | Lair:5   | Gained mutation: Your flesh is cold resistant. (rC+) [Xom's
                  | grace]
 18144 | Lair:5   | Gained mutation: Your spells are much harder to cast, but
                  | much more powerful. [Xom's grace]
 18410 | Lair:5   | Found a shimmering altar of Xom.
 18582 | Lair:5   | a catoblepas changed into a quicksilver ooze
 18582 | Lair:5   | Noticed a quicksilver ooze
 18582 | Lair:5   | XOM: polymorph catoblepas -> quicksilver ooze
 18590 | Lair:5   | Killed a quicksilver ooze
 18699 | Lair:5   | XOM: cast spell 'Summon Small Mammal'
 18709 | Lair:5   | Reached skill level 13 in Fighting
 18719 | Lair:5   | XOM: enchant monster (bad)
 18799 | Lair:5   | Reached skill level 5 in Armour
 18972 | Lair:5   | XOM: enchant monster (good)
 19010 | Lair:5   | XOM: potion effect (attraction)
 19079 | Lair:5   | XOM: enchant monster (good)
 19102 | Lair:5   | XOM: scenery: summon butterflies
 19123 | Lair:5   | XOM: god gift: scroll of noise
 19126 | Lair:5   | XOM: summons friendly white imp
 19211 | Lair:5   | Reached skill level 1 in Evocations
 19219 | Lair:5   | XOM: give mutation
 19338 | Lair:5   | XOM: fog
 19342 | Lair:5   | XOM: give mutation
 19342 | Lair:5   | Lost mutation: You have a somewhat thin skeletal structure.
                  | (Dex +2, Stealth+) [Xom's mischief]
 19397 | Lair:5   | XOM is BORED!
 19397 | Lair:5   | XOM: summons 7 hostile demons
 19590 | Lair:5   | Got a vibrant book
 19611 | Lair:5   | XOM: god gift: 4 stones
 19862 | D:11     | Found a staircase to the Orcish Mines.
 19881 | D:11     | XOM: god gift: 42 gold pieces
 19896 | D:11     | XOM: summons 11 friendly demons
 19946 | D:11     | Gained mutation: Your demonic aura sometimes causes spilled
                  | blood to erupt in flames. [demonic ancestry]
 19946 | D:11     | Reached XP level 14. HP: 105/118 MP: 14/14
 19993 | D:11     | XOM: noise
 20138 | D:11     | Reached skill level 5 in Evocations
 20144 | D:11     | XOM: god gift: wand of quicksilver (5)
 20232 | D:11     | XOM: confusion (+ monsters)
 20249 | D:11     | XOM: god gift: 46 gold pieces
 20879 | D:12     | Gained mutation: You have a pair of horns on your head.
                  | [hidden potential]
 20879 | D:12     | Lost mutation: You have hidden genetic potential. [hidden
                  | potential expressed]
 21032 | D:12     | XOM: divination: detect items
 21055 | D:12     | XOM: blink monster(s)
 21060 | D:12     | XOM: smoke on damage
 21303 | D:12     | XOM: stat loss: -1 Int (16/17)
 21341 | D:12     | XOM: 2-stop teleportation journey
 21347 | D:12     | XOM: confusion
 21358 | D:12     | XOM: summons 8 hostile demons
 21362 | D:12     | XOM: noise
 21437 | D:12     | XOM: 1-stop teleportation journey
 21453 | D:12     | XOM: confusion
 21922 | D:12     | Got a rare book
 21963 | D:12     | XOM: divination: detect items
 22210 | D:12     | XOM: scenery: create altars
 22335 | D:12     | XOM: god gift: +0 buckler of cold resistance
 22400 | D:12     | XOM: give mutation
 22400 | D:12     | Gained mutation: You have a pair of large horns on your
                  | head. [Xom's grace]
 22612 | Orc:1    | Entered Level 1 of the Orcish Mines
 22628 | Orc:1    | XOM: divine lightning
 22640 | Orc:1    | XOM: divine lightning
 22723 | Orc:1    | Noticed Sonja
 22724 | Orc:1    | Sonja changed into Sonja the naga
 22724 | Orc:1    | Noticed Sonja
 22727 | Orc:1    | Killed Sonja the naga
 22878 | Orc:2    | Entered Level 2 of the Orcish Mines
 22894 | Orc:2    | Found a staircase to the Elven Halls.
 22933 | Orc:2    | Found Etsiv's Specific Store.
 23084 | Orc:2    | Found Acuusk's General Store.
 23157 | Orc:2    | Found Xeghiu's Armour Emporium.
 23177 | Orc:2    | Noticed an orc warlord
 23198 | Orc:2    | Killed an orc warlord
 23233 | Orc:2    | Found Losul's Antique Weapon Boutique.
 23233 | Orc:2    | XOM: 2-stop teleportation journey
 23503 | Orc:2    | XOM: confuse monster(s)
 23576 | Orc:2    | XOM: cloud trail
 23604 | Orc:2    | XOM: 8-stop teleportation journey
 23605 | Orc:2    | XOM: confusion
 23614 | Orc:2    | XOM: cast spell 'Summon Ice Beast'
 23984 | Orc:2    | Found Xaus's Distillery.
 23991 | Orc:2    | Bought a potion of heal wounds for 65 gold pieces
 23991 | Orc:2    | Bought a potion of curing for 39 gold pieces
 23991 | Orc:2    | Bought a potion of curing for 39 gold pieces
 23991 | Orc:2    | Bought a potion of haste for 130 gold pieces
 23991 | Orc:2    | Bought a potion of resistance for 130 gold pieces
 23999 | Orc:2    | Noticed Erolcha
 24010 | Orc:2    | Killed Erolcha
 24017 | Orc:2    | Found a radiant altar of Vehumet.
 24018 | Orc:2    | XOM: summons 1 hostile demon
 24026 | Orc:2    | Found Zig Xutt's Antique Weapon Shop.
 24036 | Orc:2    | XOM: polymorph hellwing -> ice devil
 24041 | Orc:2    | Found an ancient bone altar of Kikubaaqudgha.
 24052 | Orc:2    | XOM: silly message
 24056 | Orc:2    | Found Enwerch's Jewellery Boutique.
 24110 | Orc:2    | XOM: draining
 24225 | Orc:2    | Bought a twisted flail for 340 gold pieces
 24225 | Orc:2    | Identified the +4 flail "Zirrustru" {freeze, rCorr Str+7
                  | Dex-5 Stlth-} (You bought it in a shop on level 2 of the
                  | Orcish Mines)
 24261 | Orc:2    | Bought an amulet of regeneration for 510 gold pieces
 24405 | D:13     | Noticed Azrael
 24410 | D:13     | Noticed Lodul
 24410 | D:13     | XOM: 1-stop teleportation journey
 24412 | D:13     | XOM: butterfly on damage
 24424 | D:13     | Killed Lodul
 24437 | D:13     | Reached skill level 14 in Fighting
 24447 | D:13     | Found a broken altar of Ashenzari.
 24639 | D:13     | Reached XP level 15. HP: 121/122 MP: 15/15
 24833 | D:13     | Killed Azrael
 25040 | D:13     | XOM: give mutation
 25040 | D:13     | Lost mutation: You occasionally lose the ability to drink
                  | potions when taking damage. [Xom's mischief]
 25162 | D:13     | XOM: swap monsters
 25194 | D:13     | Found a gate to the Vaults.
 25417 | D:14     | Reached skill level 15 in Fighting
 25461 | D:14     | XOM: potion effect (might)
 25559 | D:14     | XOM: 1-stop teleportation journey
 25658 | D:14     | XOM: summons friendly iron imp
 25690 | D:14     | XOM: polymorph iron imp -> quasit
 25728 | D:14     | XOM: give mutation
 25728 | D:14     | Lost mutation: Your flesh is cold resistant. (rC+) [Xom's
                  | mischief]
 25772 | D:14     | XOM: chaos cloud
 25931 | D:15     | Entered Level 15 of the Dungeon
 26084 | D:15     | XOM: god gift: 55 gold pieces
 26094 | D:15     | XOM: summons 8 friendly demons
 26096 | D:15     | XOM: chaos upgrade
 26097 | D:15     | XOM: silly message
 26098 | D:15     | Reached skill level 16 in Fighting
 26211 | D:15     | XOM: silly message
 26235 | D:15     | XOM: divination: magic mapping
 26254 | D:15     | XOM: smoke on damage
 26255 | D:15     | XOM: swap monsters
 26258 | D:15     | XOM: enchant monster (bad)
 26270 | D:15     | XOM: summons 14 friendly demons
 26277 | D:15     | XOM: noise
 26363 | D:15     | Reached skill level 5 in Throwing
 26526 | D:15     | XOM: 2-stop teleportation journey
 26594 | D:15     | Found a staircase to the Depths.
 26607 | D:15     | XOM: torment (74/131 hp)
 26683 | D:15     | XOM: confuse monster(s)
 27018 | Lair:2   | Found a hole to the Spider Nest.
 27081 | Spider:1 | Entered Level 1 of the Spider Nest
 27139 | Spider:1 | You fall into a shaft and drop 1 floor!
 27202 | Spider:2 | XOM: blink monster(s)
 27203 | Spider:2 | XOM: fog
 27220 | Spider:2 | XOM: summons 4 friendly demons
 27296 | Spider:1 | XOM: polymorph steelbarb worm -> merfolk
 27376 | Spider:1 | XOM: god gift: runed rapier {god gift}
 27447 | Spider:1 | Noticed Nikola
 27463 | Spider:1 | Killed Nikola
 27464 | Spider:1 | Reached XP level 16. HP: 106/138 MP: 13/16
 27504 | Spider:1 | XOM: scenery: summon butterflies
 27610 | Spider:1 | XOM: summons 3 friendly demons
 27848 | Spider:1 | XOM: scenery: summon butterflies
 28162 | Spider:1 | XOM: silly message
 28203 | Spider:1 | XOM: potion effect (invisibility)
 28405 | Spider:1 | Noticed Jorgrun
 28411 | Spider:1 | XOM: potion effect (attraction)
 28420 | Spider:1 | Killed Jorgrun
 28667 | Spider:2 | XOM: silly message
 28783 | Spider:2 | XOM: silly message
 28946 | Spider:2 | Noticed Arachne
 28962 | Spider:2 | Killed Arachne
 28963 | Spider:2 | Reached skill level 17 in Fighting
 29272 | Spider:2 | XOM: divination: detect creatures
 29797 | Spider:3 | XOM: 2-stop teleportation journey
 29910 | Spider:3 | XOM: swap monsters
 29942 | Spider:3 | Identified the +3 plate armour "Jiunwoeg" {rN+ Will- Dex+8}
 29953 | Spider:3 | Reached skill level 18 in Fighting
 30025 | Spider:3 | XOM: confusion
 30292 | Spider:3 | XOM: silly message
 30606 | Shoals:1 | Entered Level 1 of the Shoals
 30606 | Shoals:1 | Found Coheg's General Store.
 30612 | Shoals:1 | Bought a scroll of blinking for 105 gold pieces
 30612 | Shoals:1 | Bought a +2 plate armour of willpower for 560 gold pieces
 30612 | Shoals:1 | Bought a throwing net for 42 gold pieces
 30612 | Shoals:1 | Bought a scroll of fear for 56 gold pieces
 30754 | Shoals:1 | XOM: noise
 30757 | Lair:2   | XOM: fog
 30810 | Shoals:1 | XOM: divination: detect items
 30864 | Shoals:1 | XOM: silly message
 31108 | Shoals:1 | Gained mutation: Your demonic aura often causes spilled
                  | blood to erupt in flames. [demonic ancestry]
 31108 | Shoals:1 | Reached XP level 17. HP: 149/149 MP: 17/17
 31207 | Shoals:1 | XOM: enchant monster (good)
 31227 | Shoals:1 | XOM: noise
 31442 | Shoals:1 | Reached skill level 10 in Armour
 31452 | Shoals:1 | XOM: chaos upgrade
 31525 | Shoals:1 | XOM: enchant monster (bad)
 31568 | Shoals:1 | XOM is BORED!
 31568 | Shoals:1 | XOM: blink monster(s)
 31774 | Shoals:2 | Noticed Roxanne
 31855 | Shoals:2 | Noticed Polyphemus
 31866 | Shoals:2 | Polyphemus changed into Polyphemus the shadow dragon
 31866 | Shoals:2 | Noticed Polyphemus
 31866 | Shoals:2 | XOM: polymorph Polyphemus -> Polyphemus the shadow dragon
 31885 | Shoals:2 | XOM: give mutations
 31885 | Shoals:2 | Lost mutation: Your muscles are very strong. (Str +8,
                  | Int/Dex -2) [Xom's mischief]
 31885 | Shoals:2 | Lost mutation: Armour fits poorly on your strangely shaped
                  | body. [Xom's mischief]
 31892 | Shoals:2 | XOM: noise
 31897 | Shoals:2 | Killed Polyphemus the shadow dragon
 31921 | Shoals:2 | XOM: polymorph merfolk impaler -> shapeshifter
 31928 | Shoals:2 | XOM: confusion (+ monsters)
 31933 | Shoals:2 | XOM: cast spell 'Summon Cactus Giant'
 31994 | Shoals:2 | XOM: summons 4 hostile demons
 32039 | Shoals:2 | Found a frozen archway.
 32039 | Shoals:2 | XOM: 3-stop teleportation journey
 32094 | Shoals:2 | XOM: cast spell 'Summon Hydra'
 32110 | IceCv    | Entered an ice cave
 32114 | IceCv    | XOM: cast spell 'Summon Dragon'
 32127 | IceCv    | XOM: silly message
 32130 | IceCv    | Reached skill level 10 in Throwing
 32350 | IceCv    | XOM: polymorph white very ugly thing -> cyan very ugly
                  | thing
 32366 | IceCv    | XOM: confusion (+ monsters)
 32495 | IceCv    | XOM: summons friendly quasit
 32501 | IceCv    | XOM: swap monsters
 32718 | Shoals:2 | XOM: confuse monster(s)
 32785 | Shoals:2 | XOM: fake destruction
 32787 | Shoals:2 | XOM: summons friendly quasit
 32797 | Shoals:2 | XOM: polymorph sea snake -> radroach
 32800 | Shoals:2 | XOM: summons 9 hostile demons
 32871 | Shoals:2 | XOM: polymorph dream sheep -> slime creature
 32926 | Shoals:2 | XOM: potion effect (invisibility)
 33095 | Shoals:2 | XOM: divination: detect items
 33246 | Shoals:2 | Noticed a kraken
 33255 | Shoals:2 | XOM: potion effect (heal wounds)
 33351 | Shoals:2 | Killed a kraken
 33544 | Shoals:2 | XOM: 8-stop teleportation journey
 33609 | Shoals:2 | XOM: give mutations
 33609 | Shoals:2 | Lost mutation: Your muscles are strong. (Str +4, Int/Dex
                  | -1) [Xom's mischief]
 33609 | Shoals:2 | Lost mutation: Your spells are much harder to cast, but
                  | much more powerful. [Xom's mischief]
 33609 | Shoals:2 | Gained mutation: Your muscles are strong. (Str +4, Int/Dex
                  | -1) [Xom's mischief]
 33663 | Shoals:3 | Found Dautauf's General Store.
 33702 | Shoals:3 | Bought a +2 pair of gloves for 264 gold pieces
 33714 | Shoals:3 | Bought a scroll of teleportation for 48 gold pieces
 33742 | Shoals:3 | XOM: 3-stop teleportation journey
 33779 | Shoals:3 | Found Lecko's Magic Scroll Shoppe.
 33793 | Shoals:3 | Bought a scroll of teleportation for 54 gold pieces
 33793 | Shoals:3 | Bought 3 scrolls of fog for 216 gold pieces
 33793 | Shoals:3 | Bought a scroll of fog for 72 gold pieces
 33837 | Shoals:3 | Found Bojul's Magic Scroll Shop.
 33845 | Shoals:3 | Bought a scroll of teleportation for 48 gold pieces
 33845 | Shoals:3 | Bought a scroll of enchant armour for 120 gold pieces
 33845 | Shoals:3 | Bought a scroll of blinking for 120 gold pieces
 33845 | Shoals:3 | Bought a scroll of teleportation for 48 gold pieces
 33874 | Shoals:3 | XOM: silly message
 33976 | Shoals:3 | XOM: enchant monster (bad)
 34239 | Shoals:4 | XOM: stealth player
 34239 | Shoals:4 | Entered Level 4 of the Shoals
 34307 | Shoals:4 | Gained mutation: You are completely covered in yellow
                  | scales. (AC +4, rCorr) [demonic ancestry]
 34307 | Shoals:4 | Reached XP level 18. HP: 109/157 MP: 18/18
 34571 | Shoals:4 | Got a barnacled rune of Zot
 34642 | Shoals:4 | Got a yellowed book
 34697 | Shoals:4 | XOM: divination: detect items
 34806 | Shoals:4 | XOM: blink monster(s)
 34807 | Shoals:4 | Found a shadowy altar of Dithmenos.
 35052 | Shoals:4 | XOM: summons 9 friendly demons
 35149 | Shoals:4 | XOM: silly message
 35264 | Shoals:4 | XOM: cleaving
 35296 | Shoals:4 | XOM: 4-stop teleportation journey
 35312 | Shoals:4 | Identified the +0 trident "Firomp" {drain, rC+}
 35365 | Shoals:4 | XOM: god gift: scale mail {god gift}
 35379 | Shoals:4 | Found Vukycs's Magic Scroll Shop.
 35386 | Shoals:4 | Bought a scroll of enchant armour for 135 gold pieces
 35613 | Spider:4 | Entered Level 4 of the Spider Nest
 35838 | Spider:4 | XOM: cast spell 'Summon Small Mammal'
 36009 | Spider:4 | Reached skill level 19 in Fighting
 36018 | Spider:3 | Lost mutation: Your spells are harder to cast, but more
                  | powerful. [mutagenic glow]
 36095 | Spider:4 | XOM: summons friendly white imp
 36278 | Spider:4 | XOM: scenery: summon butterflies
 36324 | Spider:4 | XOM: 4-stop teleportation journey
 36330 | Spider:4 | XOM: god gift: runed ring mail {god gift}
 36620 | Spider:4 | XOM: potion effect (haste)
 36760 | Spider:4 | XOM: divination: detect items
 36804 | Spider:4 | Got a gossamer rune of Zot
 36897 | Spider:4 | Reached skill level 20 in Fighting
 37282 | Elf:1    | Entered Level 1 of the Elven Halls
 37307 | Elf:1    | Found a radiant altar of Vehumet.
 37307 | Elf:1    | XOM: god gift: staff of air
 37338 | Elf:1    | Noticed Aizul
 37349 | Elf:1    | XOM: divination: detect items
 37353 | Elf:1    | Killed Aizul
 37354 | Elf:1    | XOM: smoke on damage
 37362 | Elf:1    | XOM: cleaving
 37492 | Elf:1    | XOM: confuse monster(s)
 37542 | Elf:1    | Found a flickering gateway to a bazaar.
 37554 | Bazaar   | Entered a bazaar
 37554 | Bazaar   | Found Unuc's Antique Weapon Emporium.
 37554 | Bazaar   | Found Qunicem's Antique Weapon Shoppe.
 37554 | Bazaar   | Found Geifoadgh's Armour Emporium.
 37808 | Elf:1    | Got a weird book
 37846 | Elf:1    | XOM: give mutations
 37846 | Elf:1    | Lost mutation: A frigid envelope surrounds you and freezes
                  | all who hurt you. [Xom's mischief]
 37846 | Elf:1    | Lost mutation: You expend magic power (3 MP) to strengthen
                  | your wands. [Xom's mischief]
 37846 | Elf:1    | Lost mutation: Your spells are a little harder to cast, but
                  | a little more powerful. [Xom's mischief]
 37846 | Elf:1    | Gained mutation: Your magical capacity is low. (-10% MP)
                  | [Xom's mischief]
 37868 | Elf:1    | XOM: god gift: throwing net
 37973 | Elf:2    | XOM: polymorph deep elf zephyrmancer -> redback
 37985 | Elf:2    | XOM: cast spell 'Summon Mana Viper'
 37996 | Elf:2    | Reached XP level 19. HP: 158/169 MP: 17/17
 37997 | Elf:2    | XOM: cleaving
 38028 | Elf:2    | Paralysed by an air elemental for 1 turns
 38205 | Elf:2    | Found Cazaff's General Store.
 38207 | Elf:2    | Found Ozecluso's General Store.
 38207 | Elf:2    | Found Oklo's Jewellery Emporium.
 38210 | Elf:2    | Found Fufa's Book Emporium.
 38217 | Elf:2    | XOM: cleaving
 38381 | Elf:2    | XOM: 2-stop teleportation journey
 38389 | Elf:2    | XOM: potion effect (might)
 38397 | Elf:2    | Found a runed translucent gate.
 38654 | Elf:2    | XOM: divination: detect items
 38660 | Elf:2    | Found a runed translucent gate.
 38661 | Elf:2    | Found a runed translucent gate.
 38772 | Elf:2    | XOM: noise
 38895 | Elf:3    | Entered Level 3 of the Elven Halls
 38901 | Elf:3    | XOM: smoke on damage
 38902 | Elf:3    | Found a flickering gateway to a bazaar.
 38945 | Bazaar   | Entered a bazaar
 38961 | Bazaar   | Found Xacisog's Jewellery Emporium.
 38962 | Bazaar   | Found Jolou's Antique Armour Emporium.
 39005 | Bazaar   | Found Nepikoe's Antique Weapon Shoppe.
 39005 | Bazaar   | Found Uliusu's Magic Scroll Shoppe.
 39047 | Bazaar   | Bought the ring of Contention {rPois rF+ AC+4} for 596 gold
                  | pieces
 39101 | Elf:3    | Reached skill level 15 in Shields
 39146 | Elf:3    | XOM: silly message
 39159 | Elf:3    | XOM: silly message
 39253 | Elf:3    | Identified the +12 flail of Infinity {flame, +Blink rElec
                  | Stlth-}
 39260 | Elf:3    | Identified the +7 rapier of Beogh's Indignation {heavy,
                  | rPois rN+ Str+3 Int+3}
 39284 | Elf:3    | XOM: divination: detect creatures
 39286 | Elf:3    | XOM: divination: magic mapping
 39452 | Elf:3    | Found the +6 arbalest "Damnation" {damnation}
 39453 | Elf:3    | Identified the ring "Jeujiamysa" {rC+ EV+5 SInv Stlth-}
 39483 | Elf:3    | Found the +3 crown of Dyrovepreva {rElec Int+2 SInv}
 39489 | Elf:3    | XOM: divination: detect creatures
 39503 | Elf:3    | Identified the +2 scale mail of Unwav {Drain *Slow +Inv
                  | Dex+6}
 39519 | Elf:3    | Identified the +9 halberd of Sebaytae {heavy, Str+2 Int+3
                  | Dex+2 Stlth+}
 39524 | Elf:3    | XOM: scenery: 1 doors close
 39549 | Elf:3    | XOM: summons 4 hostile shadow creatures
 39600 | Elf:3    | Noticed a Tzitzimitl
 39601 | Elf:3    | XOM: enchant monster (good)
 39690 | Elf:3    | Identified the staff of Spite {rF- Dex+7 Earth}
 39701 | Elf:3    | Identified the +4 ring mail of Bepo {rElec}
 39725 | Elf:3    | Identified the +5 chain mail "Feyshria" {Int+3}
 39750 | Elf:3    | Identified the +2 flail of Gyiru {freeze, *Noise +Blink
                  | Int+3}
 39763 | Elf:3    | Reached skill level 10 in Evocations
 39768 | Elf:3    | XOM: 1-stop teleportation journey
 39776 | Elf:3    | XOM: summons 4 hostile shadow creatures
 39859 | Elf:3    | XOM: smoke on damage
 39928 | Elf:3    | Paralysed by an air elemental for 1 turns
 39932 | Elf:3    | Paralysed by an air elemental for 1 turns
 40241 | Elf:3    | XOM: summons 10 hostile demons
 40588 | Vaults:1 | Entered Level 1 of the Vaults
 40619 | Vaults:1 | XOM: polymorph ironbound convoker -> sea snake
 40632 | Vaults:1 | XOM: give mutations
 40632 | Vaults:1 | Gained mutation: Your magical capacity is very low. (-20%
                  | MP) [Xom's mischief]
 40632 | Vaults:1 | Lost mutation: You are highly strong-willed. (Will++)
                  | [Xom's mischief]
 40680 | Vaults:1 | XOM: give mutations
 40680 | Vaults:1 | Lost mutation: Your magical capacity is very low. (-20% MP)
                  | [Xom's mischief]
 40680 | Vaults:1 | Gained mutation: You occasionally lose the ability to drink
                  | potions when taking damage. [Xom's mischief]
 40680 | Vaults:1 | Gained mutation: You have hidden genetic potential. [Xom's
                  | mischief]
 40795 | Vaults:1 | XOM: enchant monster (good)
 40800 | Vaults:1 | XOM: fake destruction
 40876 | Vaults:1 | Found the +18 shield of the Gong {Loud rN+ Will+ rCorr
                  | EV-5}
 41062 | Vaults:1 | XOM: enchant monster (good)
 41072 | Vaults:1 | Gained mutation: A powerful demonic guardian rushes to your
                  | aid. [demonic ancestry]
 41072 | Vaults:1 | Reached XP level 20. HP: 172/176 MP: 18/18
 41107 | Vaults:1 | XOM: cast spell 'Dispersal'
 41119 | Vaults:1 | XOM: summons 7 friendly demons
 41155 | Vaults:1 | XOM: confusion (+ monsters)
 41159 | Vaults:1 | XOM: enchant monster (good)
 41162 | Vaults:1 | XOM: polymorph ironbound thunderhulk -> iron dragon
 41294 | Vaults:1 | XOM: potion effect (brilliance)
 41356 | Vaults:1 | Identified the +1 robe of Quaryxast {Fly}
 41371 | Vaults:1 | Found Pibeoto's Jewellery Shop.
 41398 | Vaults:1 | XOM: potion effect (haste)
 41500 | Vaults:1 | XOM: divination: detect items
 41511 | Vaults:1 | XOM: silly message
 41536 | Vaults:1 | XOM: divination: magic mapping
 41537 | Vaults:1 | XOM: potion effect (brilliance)
 41563 | Vaults:1 | XOM: potion effect (might)
 41568 | Vaults:1 | Reached skill level 21 in Fighting
 41582 | Vaults:1 | XOM: cloud trail
 41885 | Vaults:1 | XOM: scenery: 1 doors close
 41899 | Vaults:1 | Identified the amulet "Ipsyatt" {Spirit rF+ rN+ Regen+}
                  | (Xom gifted it to you on level 1 of the Vaults)
 41899 | Vaults:1 | XOM: god gift: amulet "Ipsyatt" {Spirit rF+ rN+ Regen+}
 41955 | Vaults:2 | XOM: divination: detect items
 41968 | Vaults:2 | XOM: divination: magic mapping
 42003 | Vaults:2 | XOM: cleaving
 42045 | Vaults:2 | XOM: swap monsters
 42063 | Vaults:2 | XOM: cleaving
 42164 | Vaults:2 | XOM: confuse monster(s)
 42242 | Vaults:2 | Found a staircase to the Crypt.
 42242 | Vaults:2 | Found a basalt altar of Yredelemnul.
 42243 | Vaults:2 | Found an ancient bone altar of Kikubaaqudgha.
 42274 | Vaults:2 | XOM: scenery: 3 doors close
 42325 | Vaults:2 | Reached skill level 22 in Fighting
 42456 | Vaults:2 | XOM: destruction
 42478 | Vaults:2 | Gained mutation: You are agile. (Dex +4, Str/Int -1)
                  | [hidden potential]
 42558 | Vaults:2 | XOM: enchant monster (good)
 42582 | Vaults:2 | XOM: cleaving
 42921 | Vaults:3 | XOM: fog
 42931 | Vaults:3 | XOM: summons 9 friendly demons
 42965 | Vaults:3 | Reached skill level 15 in Armour
 42994 | Vaults:3 | XOM: potion effect (invisibility)
 43577 | Vaults:3 | Found Rawyrap's Assorted Antiques.
 43636 | Vaults:3 | Gained mutation: You have hooves in place of feet. [demonic
                  | ancestry]
 43636 | Vaults:3 | Reached XP level 21. HP: 189/189 MP: 18/18
 43808 | Vaults:3 | XOM: god gift: +1 cloak of poison resistance
 43833 | Vaults:3 | XOM: potion effect (might)
 43874 | Vaults:3 | XOM: god gift: wand of iceblast (8)
 44080 | Vaults:4 | XOM: noise
 44097 | Vaults:4 | XOM: give mutations
 44097 | Vaults:4 | Gained mutation: You are covered in fur. (AC +1) [Xom's
                  | grace]
 44097 | Vaults:4 | Gained mutation: Your spells are a little harder to cast,
                  | but a little more powerful. [Xom's grace]
 44263 | Vaults:4 | XOM: confuse monster(s)
 44300 | Vaults:4 | XOM: polymorph vault sentinel -> jumping spider
 44398 | Vaults:4 | XOM: potion effect (invisibility)
 44512 | Vaults:4 | XOM: potion effect (heal wounds)
 44534 | Vaults:4 | XOM: polymorph yaktaur -> glowing shapeshifter
 44571 | Vaults:4 | XOM: 3-stop teleportation journey
 44838 | Vaults:4 | XOM: god gift: scroll of blinking
 44974 | Vaults:4 | Found Zuyssong's Distillery.
 44980 | Vaults:4 | Bought a potion of heal wounds for 50 gold pieces
 45315 | Crypt:1  | XOM: noise
 45315 | Crypt:1  | Entered Level 1 of the Crypt
 45324 | Crypt:1  | XOM: cleaving
 45377 | Crypt:1  | XOM: polymorph deep elf death mage -> fire giant
 45387 | Crypt:1  | XOM: noise
 45401 | Crypt:1  | XOM: summons friendly shadow imp
 45407 | Crypt:1  | Noticed Zenata
 45414 | Vaults:2 | XOM: cast spell 'Metabolic Englaciation'
 45477 | Vaults:2 | XOM: noise
 45524 | Vaults:2 | Killed Zenata
 45569 | Crypt:1  | XOM: cleaving
 45570 | Crypt:1  | Noticed Frederick
 45576 | Crypt:1  | XOM: blink monster(s)
 45586 | Vaults:2 | Gained mutation: You possess an exceptional clarity of
                  | mind. [hidden potential]
 45586 | Vaults:2 | Lost mutation: You have hidden genetic potential. [hidden
                  | potential expressed]
 45613 | Vaults:2 | Killed Frederick
 45720 | Abyss:3  | Cast into level 3 of the Abyss (Xom)
 45782 | Abyss:3  | Gained mutation: Potions are less effective at restoring
                  | your health. [a neqoxec]
 45903 | D:13     | Escaped the Abyss
 46040 | Lair:2   | XOM: summons 3 hostile shadow creatures
 46398 | Crypt:1  | XOM: god gift: dagger {god gift}
 46399 | Crypt:1  | XOM: enchant monster (bad)
 46595 | Vaults:2 | XOM: give mutations
 46595 | Vaults:2 | Lost mutation: Your mind is acute. (Int +4, Str/Dex -1)
                  | [Xom's mischief]
 46595 | Vaults:2 | Lost mutation: Your magical capacity is low. (-10% MP)
                  | [Xom's mischief]
 46624 | Vaults:1 | XOM: summons 6 hostile demons
 46824 | Elf:2    | Bought a +0 crystal plate armour for 1040 gold pieces
 46824 | Elf:2    | Bought a potion of haste for 130 gold pieces
 46841 | Elf:2    | Bought a potion of haste for 110 gold pieces
 46841 | Elf:2    | Bought a scroll of teleportation for 33 gold pieces
 47367 | Crypt:2  | XOM: repel stairs
 47414 | Crypt:2  | XOM: silly message
 47441 | Crypt:2  | XOM: give mutations
 47441 | Crypt:2  | Lost mutation: You possess an exceptional clarity of mind.
                  | [Xom's mischief]
 47441 | Crypt:2  | Gained mutation: You occasionally lose the ability to read
                  | scrolls when taking damage. [Xom's mischief]
 47548 | Crypt:2  | Reached skill level 15 in Maces & Flails
 47563 | Crypt:2  | XOM: enchant monster (good)
 47669 | Crypt:2  | XOM: cast spell 'Summon Ice Beast'
 47676 | Crypt:2  | XOM: silly message
 47859 | Crypt:2  | XOM: 1-stop teleportation journey
 47916 | Crypt:2  | Found a basalt altar of Yredelemnul.
 47929 | Crypt:2  | XOM: 2-stop teleportation journey
 48008 | Crypt:2  | Found a basalt altar of Yredelemnul.
 48008 | Crypt:2  | Noticed a profane servitor
 48011 | Crypt:2  | XOM: chaos upgrade
 48017 | Crypt:2  | Killed a profane servitor
 48018 | Crypt:2  | Gained mutation: Your demonic aura causes all spilled blood
                  | to erupt in flames. [demonic ancestry]
 48018 | Crypt:2  | Reached XP level 22. HP: 184/198 MP: 22/22
 48052 | Crypt:2  | Identified the +2 helmet "Heosk" {-Cast rN+ Will+ SInv}
 48444 | Crypt:3  | Entered Level 3 of the Crypt
 48552 | Crypt:3  | XOM: 7-stop teleportation journey
 48684 | Crypt:3  | XOM: summons friendly crimson imp
 48687 | Crypt:3  | XOM: enchant monster (bad)
 48698 | Crypt:3  | XOM: 1-stop teleportation journey
 48735 | Crypt:3  | Reached skill level 23 in Fighting
 48778 | Crypt:3  | XOM: divination: magic mapping
 48828 | Crypt:3  | XOM: enchant monster (bad)
 48830 | Crypt:3  | XOM: divination: detect items
 48975 | Crypt:3  | Got a rare book
 49077 | Crypt:3  | XOM: noise
 49105 | Crypt:3  | XOM: potion effect (berserk rage)
 49195 | Crypt:3  | XOM: summons friendly iron imp
 49222 | Crypt:3  | XOM: cast spell 'Summon Cactus Giant'
 49266 | Crypt:3  | Identified the ring "Tuyruerr" {rN+ Dex+3}
 49266 | Crypt:3  | Identified the ring of the Oni {rElec rN+ Str+2 Int-3
                  | Dex+4}
 49280 | Crypt:3  | Found a staircase to the Tomb.
 49309 | Crypt:3  | Identified the ring of Afast {rF+ rN+ Will+ Dex-4}
 49326 | Crypt:3  | Noticed a dread lich
 49349 | Crypt:3  | Killed a dread lich
 49350 | Crypt:3  | Found an ancient bone altar of Kikubaaqudgha.
 49356 | Crypt:3  | Found the +5 Lochaber axe {reach-cleave, Poleaxe Drain}
 49362 | Crypt:3  | Found the +8 Vampire's Tooth {megavamp}
 49397 | Crypt:3  | Identified the +4 long sword "Caucack" {heavy, rElec rCorr
                  | Dex+3}
 49431 | Crypt:3  | XOM: noise
 49550 | Crypt:3  | XOM: 2-stop teleportation journey
 49626 | Crypt:3  | Identified the +8 halberd of Summertime {vamp, rC+}
 50081 | Depths:1 | Entered Level 1 of the Depths
 50090 | Depths:1 | Reached skill level 1 in Short Blades
 50177 | Depths:1 | Found a gateway to Hell.
 50332 | Depths:1 | Found an iron altar of Okawaru.
 50332 | Depths:1 | XOM: 1-stop teleportation journey
 50353 | Depths:1 | XOM: enchant monster (bad)
 50592 | Depths:1 | Found a transporter.
 50603 | Depths:1 | Noticed snackwell's ghost (veteran DsSh)
 50672 | Depths:1 | Found a transporter.
 50693 | Depths:1 | Found a one-way gate to the infinite horrors of the Abyss.
 50794 | Depths:1 | XOM: summons 2 friendly demons
 51027 | Depths:2 | XOM: summons 5 friendly demons
 51034 | Depths:2 | XOM: enchant monster (good)
 51046 | Depths:2 | XOM: summons friendly iron imp
 51048 | Depths:2 | Reached skill level 5 in Short Blades
 51060 | Depths:2 | XOM: divination: detect creatures
 51064 | Depths:2 | XOM: 1-stop teleportation journey
 51100 | Depths:2 | Noticed Saint Roka
 51120 | Depths:2 | Killed Saint Roka
 51135 | Depths:2 | XOM: summons friendly white imp
 51139 | Depths:2 | Noticed a golden dragon
 51151 | Depths:2 | XOM: give mutations
 51151 | Depths:2 | Gained mutation: You are highly strong-willed. (Will++)
                  | [Xom's grace]
 51151 | Depths:2 | Gained mutation: Your spells are harder to cast, but more
                  | powerful. [Xom's grace]
 51151 | Depths:2 | Gained mutation: You are partially covered in large bone
                  | plates. (SH +4) [Xom's grace]
 51153 | Depths:2 | XOM: cleaving
 51157 | Depths:2 | Killed a golden dragon
 51178 | Depths:2 | XOM: 1-stop teleportation journey
 51204 | Depths:2 | Noticed a caustic shrike
 51210 | Depths:2 | Noticed a caustic shrike
 51212 | Depths:2 | Noticed a caustic shrike
 51214 | Depths:2 | Killed a caustic shrike
 51217 | Depths:2 | Killed a caustic shrike
 51218 | Depths:2 | Killed a caustic shrike
 51229 | Depths:2 | Gained mutation: Your presence sometimes corrodes those you
                  | injure. [demonic ancestry]
 51229 | Depths:2 | Reached XP level 23. HP: 158/206 MP: 23/23
 51250 | Depths:2 | XOM: potion effect (haste)
 51257 | Depths:2 | XOM: noise
 51311 | Depths:2 | XOM: divination: magic mapping
 51315 | Depths:2 | Reached skill level 10 in Short Blades
 51339 | Depths:2 | XOM: cast spell 'Cause Fear'
 51391 | Depths:2 | XOM: cast spell 'Summon Small Mammal'
 51400 | Depths:2 | XOM: silly message
 51470 | Depths:2 | XOM: potion effect (brilliance)
 51518 | Depths:2 | Identified the ring of Wiuphargh {rN+ MP+9 Int+4 Dex+4}
 51523 | Depths:2 | XOM: 1-stop teleportation journey
 51538 | Depths:2 | XOM: noise
 51611 | Depths:2 | XOM: enchant monster (good)
 51633 | Depths:2 | XOM: silly message
 51641 | Depths:2 | XOM: 1-stop teleportation journey
 51704 | Depths:2 | Got a humming book
 51729 | Depths:2 | XOM: cast spell 'Disjunction'
 51757 | Depths:2 | XOM: polymorph small abomination -> small abomination
 51804 | Depths:2 | XOM: swap monsters
 51919 | Depths:2 | Noticed a caustic shrike
 51922 | Depths:2 | XOM: 2-stop teleportation journey
 51958 | Depths:2 | XOM: draining
 51967 | Depths:2 | Killed a caustic shrike
 51977 | Depths:2 | Found a one-way gate leading to the halls of Pandemonium.
 52128 | Depths:2 | XOM: stat loss: -1 Str (22/23)
 52260 | Depths:2 | Found the +16 obsidian axe {drain, demonic, Mesm Drain Fly
                  | SInv}
 52287 | Depths:2 | XOM: torment (113/202 hp)
 52625 | Depths:3 | Identified the +10 broad axe "Killer Bee's Bane" {freeze,
                  | Will++ Str+3 Int-3 Dex+2}
 52629 | Depths:3 | XOM: smoke on damage
 52904 | Depths:3 | Found a transporter.
 52919 | Depths:3 | Noticed olddryhag's ghost (veteran DsRe)
 52920 | Depths:3 | Noticed a caustic shrike
 52925 | Depths:3 | Noticed a caustic shrike
 52932 | Depths:3 | Found a transporter.
 53195 | Depths:3 | XOM: give mutations
 53195 | Depths:3 | Lost mutation: Your spells are harder to cast, but more
                  | powerful. [Xom's mischief]
 53195 | Depths:3 | Lost mutation: You occasionally lose the ability to drink
                  | potions when taking damage. [Xom's mischief]
 53311 | Depths:3 | Found a one-way gateway to a ziggurat.
 53621 | Lair:4   | Fell from the grace of Xom
 53621 | Lair:4   | Became a worshipper of Jiyva Japtewk the Shapeless
 54100 | Depths:4 | Entered Level 4 of the Depths
 54100 | Depths:4 | Noticed a caustic shrike
 54100 | Depths:4 | Noticed a caustic shrike
 54105 | Depths:4 | Noticed a caustic shrike
 54106 | Depths:4 | Noticed a caustic shrike
 54107 | Depths:4 | Killed a caustic shrike
 54108 | Depths:4 | Reached skill level 24 in Fighting
 54111 | Depths:4 | Killed a caustic shrike
 54116 | Depths:4 | Killed a caustic shrike
 54121 | Depths:4 | Killed a caustic shrike
 54609 | Depths:4 | XOM: polymorph tengu conjurer -> fire crab
 54619 | Depths:4 | Gained mutation: Your presence sometimes corrodes or
                  | deforms those you injure. [demonic ancestry]
 54619 | Depths:4 | Reached XP level 24. HP: 205/217 MP: 23/23
 54812 | Depths:4 | Found a flickering gateway to a bazaar.
 54821 | Bazaar   | Entered a bazaar
 54842 | Bazaar   | XOM: god gift: 49 gold pieces
 54844 | Bazaar   | Found Bomai's Magic Scroll Shoppe.
 54860 | Bazaar   | Found Mowk's Assorted Antiques.
 54876 | Bazaar   | Found Nienneih's Magic Scroll Emporium.
 54876 | Bazaar   | Found Ziruw's Book Shoppe.
 54898 | Bazaar   | Found Fuuhabb's Armour Emporium.
 54975 | Bazaar   | Bought a scroll of enchant weapon for 82 gold pieces
 54975 | Bazaar   | Bought a scroll of teleportation for 33 gold pieces
 54975 | Bazaar   | Bought a scroll of teleportation for 33 gold pieces
 54975 | Bazaar   | Bought a scroll of enchant armour for 82 gold pieces
 55004 | Bazaar   | Bought a scroll of teleportation for 54 gold pieces
 55004 | Bazaar   | Bought a scroll of teleportation for 54 gold pieces
 55004 | Bazaar   | Bought a scroll of teleportation for 54 gold pieces
 55018 | Bazaar   | Bought 2 potions of curing for 222 gold pieces
 55172 | Depths:4 | Found a gate to the Realm of Zot.
 55229 | Depths:4 | XOM: give mutation
 55229 | Depths:4 | Gained mutation: You are robust. (+10% HP) [Xom's grace]
 55303 | Depths:4 | Found a shimmering blue altar of Sif Muna.
 55319 | Depths:4 | Reached * piety under Jiyva
 55512 | Depths:4 | XOM: noise
 56108 | Tomb:1   | Entered Level 1 of the Tomb of the Ancients
 56131 | Tomb:1   | Identified the +4 spear of the Horn {freeze, rPois Str+4}
 56332 | Tomb:1   | Reached ** piety under Jiyva
 56345 | Tomb:1   | XOM: give mutations
 56345 | Tomb:1   | Lost mutation: You are agile. (Dex +4, Str/Int -1) [Xom's
                  | mischief]
 56345 | Tomb:1   | Gained mutation: Your magical capacity is low. (-10% MP)
                  | [Xom's mischief]
 56345 | Tomb:1   | Lost mutation: You occasionally lose the ability to read
                  | scrolls when taking damage. [Xom's mischief]
 56345 | Tomb:1   | Lost mutation: Your muscles are strong. (Str +4, Int/Dex
                  | -1) [Xom's mischief]
 56725 | Vaults:2 | XOM: scenery: 1 doors close
 56777 | Vaults:5 | Entered Level 5 of the Vaults
 57169 | Vaults:5 | Identified the +4 scimitar of Eriy {flame, rElec Int+4}
 57184 | Vaults:5 | Reached *** piety under Jiyva
 57306 | Vaults:5 | Found the dreamshard necklace {Acrobat *Dream}
 57306 | Vaults:5 | XOM: 6-stop teleportation journey
 57386 | Vaults:5 | Lost mutation: You have a pair of large horns on your head.
                  | [Jiyva's grace]
 57386 | Vaults:5 | Lost mutation: You have a pair of horns on your head.
                  | [Jiyva's grace]
 57386 | Vaults:5 | Lost mutation: You are robust. (+10% HP) [Jiyva's grace]
 57386 | Vaults:5 | Lost mutation: Potions are less effective at restoring your
                  | health. [Jiyva's grace]
 57386 | Vaults:5 | Gained mutation: You are somewhat resistant to further
                  | mutation. [Jiyva's grace]
 57386 | Vaults:5 | Gained mutation: You are somewhat resistant to both further
                  | mutation and mutation removal. [Jiyva's grace]
 57386 | Vaults:5 | Gained mutation: You are almost entirely resistant to
                  | further mutation and mutation removal. [Jiyva's grace]
 57386 | Vaults:5 | Gained mutation: You are mostly covered in large bone
                  | plates. (SH +6) [Jiyva's grace]
 57446 | Vaults:5 | Identified the +3 arbalest of Putrescence {drain, rF+++
                  | Int-3 Stlth+}
 57526 | Vaults:5 | Got a silver rune of Zot
 57685 | Vaults:5 | Reached XP level 25. HP: 223/223 MP: 20/20
 57744 | Vaults:5 | Noticed a dread lich
 57761 | Vaults:5 | Killed a dread lich
 57775 | Vaults:5 | Identified the +8 sling "Tugan" {heavy, rPois rF++ Str-4
                  | Dex+3}
 57831 | Vaults:5 | XOM: divination: detect items
 58026 | Vaults:5 | Identified the +0 mace of Eternal Vigilance {freeze, rPois
                  | Stlth+}
 58076 | Vaults:5 | XOM: silly message
 58181 | Vaults:5 | Reached **** piety under Jiyva
 58263 | Vaults:5 | XOM: silly message
 58614 | Zot:1    | Entered Level 1 of the Realm of Zot
 58778 | Zot:2    | XOM: noise
 59471 | Zot:1    | Noticed an orb of fire
 59486 | Zot:1    | Killed an orb of fire
 59778 | Zot:2    | Found a transporter.
 59796 | Zot:2    | Found a transporter.
 59821 | Zot:2    | Reached skill level 25 in Fighting
 59822 | Zot:2    | Reached ***** piety under Jiyva
 59972 | Zot:2    | XOM: noise
 60060 | Zot:2    | Lost mutation: You are mostly covered in large bone plates.
                  | (SH +6) [Jiyva's grace]
 60060 | Zot:2    | Lost mutation: You are highly strong-willed. (Will++)
                  | [Jiyva's grace]
 60060 | Zot:2    | Gained mutation: You are robust. (+10% HP) [Jiyva's grace]
 60060 | Zot:2    | Gained mutation: You are very robust. (+20% HP) [Jiyva's
                  | grace]
 60060 | Zot:2    | Gained mutation: You are extremely robust. (+30% HP)
                  | [Jiyva's grace]
 60060 | Zot:2    | Gained mutation: Your melee attacks may engulf your foes in
                  | ooze. [Jiyva's grace]
 60062 | Zot:2    | Noticed a Killer Klown
 60062 | Zot:2    | Noticed a Killer Klown
 60082 | Zot:2    | Killed a Killer Klown
 60172 | Zot:2    | Killed a Killer Klown
 60261 | Zot:2    | XOM: enchant monster (bad)
 60273 | Zot:2    | XOM: give mutations
 60273 | Zot:2    | Lost mutation: Your magical capacity is low. (-10% MP)
                  | [Xom's mischief]
 60273 | Zot:2    | Lost mutation: Your spells are a little harder to cast, but
                  | a little more powerful. [Xom's mischief]
 60273 | Zot:2    | Lost mutation: You are extremely robust. (+30% HP) [Xom's
                  | mischief]
 60273 | Zot:2    | Gained mutation: You do not regenerate when monsters are
                  | visible. [Xom's mischief]
 60442 | Zot:3    | Reached skill level 26 in Fighting
 60598 | Zot:5    | Entered Level 5 of the Realm of Zot
 60654 | Zot:5    | Gained mutation: You can speak a Word of Chaos. [demonic
                  | ancestry]
 60654 | Zot:5    | Reached XP level 26. HP: 285/285 MP: 23/23
 60747 | Zot:5    | XOM: 1-stop teleportation journey
 60754 | Zot:5    | Noticed a dread lich
 60754 | Zot:5    | Noticed an orb of fire
 60754 | Zot:5    | Noticed an ancient lich
 60858 | Zot:5    | XOM: summons 3 hostile shadow creatures
 61023 | Zot:5    | Killed an orb of fire
 61274 | Zot:5    | XOM: swap monsters
 61295 | Zot:5    | Noticed a dread lich
 61302 | Zot:5    | Reached skill level 27 in Fighting
 61310 | Zot:5    | Killed a dread lich
 61411 | Zot:5    | Killed an ancient lich
 61492 | Zot:5    | Killed a dread lich
 61604 | Zot:5    | Acquired a manual of Throwing
 61695 | Zot:5    | Reached skill level 15 in Throwing
 61705 | Zot:5    | Got the Orb of Zot
 61842 | Depths:4 | XOM: draining
 61961 | D:14     | Noticed Ixyatt the pandemonium lord
 61976 | D:13     | XOM: polymorph jelly -> iguana
 62224 | D:$      | Escaped with the Orb!

Illustrated notes

Levels and vault maps discovered:
D:1:      scummos_arrival_gate, layout_basic, minmay_pentomino_w2
D:2:      layout_rooms, uniq_sigmund
D:3:      layout_basic, nicolae_hepliaklqana_hippocampus, bloody_makhleb
D:4:      layout_rooms, mainiacjoe_overflow_concentric_impassable, uniq_pikel
D:5:      minmay_skewed_foursquare, layout_basic,
          nicolae_dithmenos_shadow_blocks
D:6:      layout_loops_corners, mainiacjoe_overflow_six_doors_small,
          kennysheep_mini_moat, minmay_temple_entry_enclosed_plants,
          uniq_duvessa, uniq_grinder, uniq_prince_ribbit1
D:7:      layout_basic, fedhas_altar_3, enter_bailey_4,
          nicolae_ossuary_entry_giza, uniq_maggie, uniq_menkaure,
          uniq_crazy_yiuf_cottage
D:8:      layout_basic, uniq_grum
D:9:      layout_cave_pods, serial_shops, nicolae_lakefront_shop, shop,
          uniq_joseph
D:10:     gammafunk_beogh_shrine, layout_loops_ring, david_lair_shrubbed,
          uniq_nergalle, uniq_fannar
D:11:     layout_loops_ring, david_orc_2, special_room [special_room_orc],
          corner_web_ring
D:12:     fort_yaktaur, layout_loops_ring
D:13:     layout_roguey, grunt_vaults_entry_fortified, ashenzari_altar_1,
          uniq_lodul, uniq_azrael
D:14:     layout_big_octagon, palyth_stone_intersect, fountainhead,
          kennysheep_generic_room_14
D:15:     gammafunk_depths_entry_grave, layout_cave_pools, nrook_uturn
Lair:1:   layout_hall_layers, chequers_serial_rivers_small_b,
          serial_bayou_pond_b, chequers_serial_rivers_small_a, uniq_gastronok
Lair:2:   beast_lair_carwin_large_4, layout_gridlike,
          minmay_shoals_entry_lonely_mermaid, nicolae_spider_entry_non_spiders
Lair:3:   layout_cellular_growth, gammafunk_ghost_hydra_chop, grunt_megastairs_2
Lair:4:   layout_cave_shapes, slime_entry_1, infiniplex_staircase_pool_2,
          serial_bayou_shore_a, grunt_megastairs_1, lemuel_fruit_tree
Lair:5:   evilmike_catoblepas_cave, layout_cave_pods, enter_volcano_3,
          basic_altar, wad_woods_06, chequers_serial_rivers_micro_e,
          kennysheep_abandoned_house
Shoals:1: cheibrodos_shoals_three_sisters, layout_shoals, serial_shops, shop,
          hangedman_shoals_cup_caves
Shoals:2: cheibrodos_shoals_epimethial_gifts, layout_shoals,
          portal_ice_cave_entry_ice_statue_two, uniq_polyphemus, uniq_roxanne
Shoals:3: layout_shoals, serial_shops, shop_fountains, nicolae_shop_waterfront,
          nicolae_shop_tiny_glass
Shoals:4: shoals_end_hangedman, layout_shoals, serial_shops,
          nicolae_shop_just_a_little_nook, hangedman_feature_mirror
Spider:1: layout_spider_delve, uniq_nikola, uniq_jorgrun
Spider:2: layout_spider_delve, uniq_arachne
Spider:3: spiders_nest_scorpion_pit, nicolae_spider_nooks_and_crannies
Spider:4: grunt_spider_rune_circles
Orc:1:    layout_diamond_mine, uniq_sonja
Orc:2:    kennysheep_orc_mage_school, layout_diamond_mine, basic_altar,
          serial_shops, nicolae_shop_window_shopping, nicolae_specific_store
Elf:1:    eino_elf_arrival_altar, layout_gridlike, serial_shops,
          bzr_entry_islet, minmay_elf_necromancy, uniq_aizul
Elf:2:    nicolae_elf_blades_crystal_corner, layout_loops_corners, minivault_27,
          minmay_shoptagon
Elf:3:    grunt_elf_hall_spiral, layout_geoelf_grid, serial_shops,
          bzr_entry_gold
Vaults:1: ontoclasm_vaults_claustrophobia, nicolae_vaults_network_s,
          hangedman_vaults_variations, nicolae_vaults_little_squares_3,
          nicolae_vaults_closet_pinwheel_2, v_misc_29,
          hellmonk_guarded_unrand_gong, serial_ice_h, vaults_room_pools,
          vaults_room_grunt_arrival_ludios, vaults_dpeg_emergency_exit,
          layout_vaults_omnibox, serial_shops, shop
Vaults:2: grunt_vaults_funnel, v_alt_pattern_1, v_misc_29,
          hangedman_vaults_capsules, grunt_vaults_twisty,
          ontoclasm_vaults_idyll, nicolae_vaults_diamond_1, vaults_room_grid,
          nicolae_vaults_asterisk, grunt_vaults_diagonal,
          minmay_crypt_entry_necro_gods, nicolae_vaults_network_star,
          ontoclasm_vaults_ring_square, v_misc_19, nicolae_vaults_shelves_hall,
          layout_vaults_maze_snakey
Vaults:3: portal_desolation_entry_ruin, nicolae_vaults_spaceships,
          nicolae_vaults_house_2, nicolae_vaults_closet_pinwheel_6, v_pattern_4,
          nicolae_vaults_off_center_swirl, nicolae_vaults_circle_grid_a,
          hangedman_vaults_river_flow, nicolae_vaults_storage_closets_2,
          nicolae_vaults_trapezoid_lopsided_3, ontoclasm_vaults_decontamination,
          nicolae_vaults_trapezoid_1, nicolae_vaults_frosty_reception,
          layout_vaults_big_room, serial_shops, nicolae_shop_behind_doors
Vaults:4: nicolae_vaults_sealed_display, ontoclasm_vaults_idyll,
          nicolae_vaults_trapezoid_lopsided_2, nicolae_vaults_tetromino_Z_2,
          nicolae_vaults_tangram_2, ontoclasm_vaults_idyll,
          nicolae_vaults_angled_halls, v_misc_26,
          ontoclasm_vaults_loading_screen, vaults_dpeg_encased_lava,
          nicolae_vaults_house_1, ontoclasm_vaults_loading_screen,
          layout_vaults_omnigrid, serial_shops, nicolae_shop_tiny_statue_garden
Vaults:5
Crypt:1:  layout_rooms, uniq_frederick, uniq_zenata
Crypt:2:  gammafunk_crypt_yreds_forest, layout_chaotic_city,
          lemuel_mausoleum_altar_yredelemnul
Crypt:3:  cryptofortress_bobbens
Tomb:1
Depths:1: layout_honeycomb, gammafunk_ghost_abyssal_escape, okawaru_gym_becter,
          hell_entry, kilobyte_rumbling_trees
Depths:2: grunt_twisty_corner, layout_cave_pools, minmay_room_of_horrors,
          hell_entry, chequers_serial_rivers_micro_e, grunt_pan_entry_spiral,
          minmay_orc_keep, uniq_saint_roka
Depths:3: minmay_coctagon, layout_gridlike, enter_ziggurat_b, roderic_lattice_a,
          hell_entry, gammafunk_ghost_berserking_beasts, abyss_entry_glasseish,
          infiniplex_staircase_diamond, uniq_margery
Depths:4: evilmike_zot_entry_diamond, layout_long_grid, hellmouth_1,
          hangedman_glass_teeth, serial_shops, bzr_firewalk,
          nicolae_sif_muna_little_library
Zot:1:    layout_basic, zot_minivault_1
Zot:2:    grunt_zot_stairs_faceoff, layout_onion_interference,
          hellmonk_ghost_happy_afterlife, nicolae_transporter_intersection
Zot:3:    layout_onion_interference, nicolae_zot_crop_circle, grunt_megastairs_4
Zot:4:    layout_gridlike, lemuel_elevator, uniq_josephina, uniq_tiamat
Zot:5:    layout_misc_corridors, bh_zot_lava_cross, bh_zot_ikea_curve,
          grunt_ministairs_15

Skill      XL: |  1  2  3  4  5  6  7  8  9 10 11 12 13 14 15 16 17 18 19 20 21 22 23 24 25 26 |
---------------+-------------------------------------------------------------------------------+-----
Maces & Flails | 3 5 6 8 10 11 12 14 15 | 15.9
Fighting       | 4 5 7 9 10 13 14 16 18 20 22 23 24 26 27 | 27.0
Throwing       | 3 8 12 14 15 | 15.5
Armour         | 4 7 9 11 12 14 15 16 17 20 | 20.9
Dodging        | 5 6 8 |  8.0
Shields        | 5 10 13 14 15 16 18 | 18.0
Evocations     | 4 6 10 | 10.0
Short Blades   | 9 14 | 14.0

Action                     |  1- 3 |  4- 6 |  7- 9 | 10-12 | 13-15 | 16-18 | 19-21 | 22-24 | 25-27 || total
---------------------------+-------+-------+-------+-------+-------+-------+-------+-------+-------++-------
  Melee: Mace              |    63 |       |       |       |       |       |       |       |       ||    63
         Punch             |     2 |     2 |     3 |     4 |       |       |       |       |       ||    11
         Kick              |    11 |    29 |   155 |   200 |   121 |       |   327 |  1461 |  1029 ||  3333
         Whip              |    13 |   128 |   352 |       |       |       |       |       |       ||   493
         Headbutt          |       |    20 |    76 |   153 |   280 |   404 |   480 |   896 |   662 ||  2971
         Flail             |       |       |    28 |   686 |  1058 |  1481 |  1318 |       |       ||  4571
         Eveningstar       |       |       |       |       |       |       |   252 |   372 |       ||   624
         Demon whip        |       |       |       |       |       |       |       |   445 |       ||   445
         Quick blade       |       |       |       |       |       |       |       |  1521 |  1825 ||  3346
  Throw: Dart              |       |       |     6 |    21 |       |    30 |       |     1 |     1 ||    59
         Boomerang         |       |       |       |    11 |    10 |    43 |     9 |     7 |    10 ||    90
         Javelin           |       |       |       |       |       |       |    11 |    28 |    17 ||    56
  Evoke: Wand              |       |       |     3 |     4 |     8 |    13 |     2 |     4 |     2 ||    36
         Phantom mirror    |       |       |       |       |       |     1 |       |       |       ||     1
         Box of beasts     |       |       |       |       |       |     1 |       |     1 |       ||     2
         Phial of floods   |       |       |       |       |       |       |     1 |       |       ||     1
         Lightning rod     |       |       |       |       |       |       |       |     5 |       ||     5
    Use: Scroll            |     3 |     2 |    14 |    13 |     4 |    10 |    10 |     8 |    13 ||    77
         Potion            |       |     2 |     2 |     1 |     5 |     4 |     6 |     4 |    11 ||    35
   Stab: Sleeping          |       |     2 |     1 |     1 |     3 |       |       |       |       ||     7
         Confused          |       |     2 |     1 |       |       |       |     9 |     1 |       ||    13
         Petrified         |       |       |     6 |     6 |       |       |     3 |       |       ||    15
         Invisible         |       |       |       |     6 |     2 |     3 |     4 |     4 |       ||    19
         Paralysed         |       |       |       |     3 |       |       |     3 |       |       ||     6
         Distracted        |       |       |       |     2 |     5 |     5 |     5 |     4 |     2 ||    23
         Petrifying        |       |       |       |       |     1 |       |       |       |       ||     1
 Armour: Leather armour    |    32 |    67 |   174 |    18 |       |       |       |       |       ||   291
         Acid dragon scale |       |       |       |   416 |       |       |       |       |       ||   416
         Scale mail        |       |       |       |    30 |   579 |   216 |       |       |       ||   825
         Plate armour      |       |       |       |       |       |  1071 |   868 |       |       ||  1939
         Crystal plate arm |       |       |       |       |       |       |   115 |   695 |   797 ||  1607
  Dodge: Dodged            |    51 |    53 |   152 |   321 |   280 |   452 |   325 |   115 |   121 ||  1870
  Block: Tower shield      |       |       |       |   183 |   875 |   397 |       |   228 |   925 ||  2608
         Kite shield       |       |       |       |       |       |   661 |  1537 |  1434 |       ||  3632
         Reflection        |       |       |       |       |       |    41 |    20 |       |       ||    61

Table legend: (Time is in decaauts)
 A = Elapsed time spent in this place.
 B = Non-inter-level travel time spent in this place.
 C = Inter-level travel time spent in this place.
 D = Time resting spent in this place.
 E = Time spent auto-exploring this place.
 F = Levels seen in this place.
 G = Mean time per level.
                   A        B        C        D        E       F      G
               +--------+--------+--------+--------+--------+-----+--------+
         Total |  61021 |  54435 |   6586 |  10933 |  26808 |  57 | 1070.5 |
       Dungeon |  18578 |  16096 |   2482 |   3992 |   8606 |  15 | 1238.5 |
          Lair |   8538 |   7914 |    624 |   2215 |   3919 |   5 | 1707.6 |
        Shoals |   4520 |   4268 |    252 |    831 |   1874 |   4 | 1130.0 |
   Spider Nest |   5018 |   4674 |    344 |   1307 |   1944 |   4 | 1254.5 |
  Orcish Mines |   1917 |   1633 |    284 |    465 |    730 |   2 |  958.5 |
   Elven Halls |   3015 |   2736 |    279 |    355 |   1284 |   3 | 1005.0 |
        Vaults |   7046 |   5948 |   1098 |    372 |   3443 |   5 | 1409.2 |
         Crypt |   3087 |   2608 |    479 |    138 |   1373 |   3 | 1029.0 |
          Tomb |    475 |    429 |     46 |     83 |      0 |   1 |  475.0 |
        Depths |   4562 |   4003 |    559 |    263 |   2474 |   4 | 1140.5 |
           Zot |   2971 |   2837 |    134 |    561 |    970 |   5 |  594.2 |
         Abyss |    177 |    177 |      0 |      5 |      0 |   1 |  177.0 |
        Bazaar |    378 |    378 |      0 |      0 |    189 |   3 |  126.0 |
       Ossuary |    185 |    185 |      0 |     21 |      0 |   1 |  185.0 |
      Ice Cave |    548 |    548 |      0 |    320 |      0 |   1 |  548.0 |
               +--------+--------+--------+--------+--------+-----+--------+

Top non-repeatable levels by time:
  Lair:1: 2047 daAuts
    D:12: 1939 daAuts
Vaults:1: 1878 daAuts
  Lair:5: 1840 daAuts
  Lair:2: 1774 daAuts
     D:6: 1746 daAuts
    D:10: 1736 daAuts
    D:13: 1664 daAuts
     D:7: 1663 daAuts
   Orc:2: 1564 daAuts
  Lair:3: 1522 daAuts
     D:1: 1512 daAuts
Depths:2: 1480 daAuts
Spider:3: 1437 daAuts
Vaults:5: 1407 daAuts
